 Dungeon Crawl Stone Soup version 0.17.0-73-gb648821 (webtiles) character file.

3223492 Beholder179 the Conqueror (level 27, 300/300 HPs)
             Began as a Minotaur Chaos Knight on Nov 27, 2015.
             Escaped with the Orb
             ... and 5 runes on Dec 9, 2015!
             The game lasted 20:21:56 (71152 turns).

Beholder179 the Conqueror (Minotaur Chaos Knight)  Turns: 71152, Time: 20:21:56

Health: 300/300    AC: 40    Str: 33    XL:     27
Magic:  27/29      EV: 30    Int: 21    God:    Xom [*.....]
Gold:   6902       SH: 20    Dex: 16    Spells: 10 memorised, 7 levels left

rFire  + . .     SeeInvis .     a - +6 demon whip of Uncomfortable Rashes {vamp, rC+ MR- Str+4 Int+11}
rCold  + . .     Rnd*Rage +     U - +10 pearl dragon armour
rNeg   + . .     SustAt   .     j - +2 shield {reflect}
rPois  +         Gourm    .     (helmet restricted)
rElec  .         Spirit   .     c - +1 cloak {MR+}
rCorr  .         Warding  .     v - +2 pair of gloves
rMut   +         Stasis   .     B - +2 pair of boots {run}
MR     ++++.                    I - amulet of resist mutation
Stlth  ..........               o - +5 ring of evasion
                                P - ring of protection from magic

@: contaminated, glowing, quick, incredibly resistant to hostile enchantments,
extremely unstealthy
A: retaliatory headbutt, fangs 1, horns 2, talons 1, repulsion field 1, icy blue
scales 1, yellow scales 1, berserk 1, blurry vision 1, clever 1, deformed body,
fire resistance 1, magic resistance 1, poison resistance, robust 1, screaming 1,
shaggy fur 1, spit poison 1, strong 2, MP-powered wands
a: Spit Poison, Renounce Religion
0: Orb of Zot
}: 5/15 runes: decaying, serpentine, slimy, silver, abyssal


You escaped.
You worshipped Xom.
You were a special plaything of Xom.
You were very hungry.

You visited 10 branches of the dungeon, and saw 59 of its levels.
You visited the Abyss 2 times.
You visited 1 bazaar.
You also visited: Bailey and Wizlab.

You collected 14615 gold pieces.
You spent 7713 gold pieces at shops.

Inventory:

Hand Weapons
 a - the +6 demon whip of Uncomfortable Rashes (weapon) {vamp, rC+ MR- Str+4 Int+11}
   (You found it on level 6 of the Pits of Slime)

   It inflicts no extra harm, but heals its wielder somewhat when it strikes a
   living foe.
   It affects your strength (+4).
   It affects your intelligence (+11).
   It protects you from cold.
   It affects your resistance to hostile enchantments.
 b - a +9 demon whip of electrocution
Missiles
 M - a throwing net (quivered)
 N - 6 javelins of penetration
Armour
 c - a +1 cloak of magic resistance (worn)
 i - the -3 hat "Didy" {-Tele Regen+ Dex+10}
   (You acquired it on level 5 of the Vaults)

   It affects your dexterity (+10).
   It prevents most forms of teleportation.
   It increases your rate of regeneration.
 j - a +2 shield of reflection (worn)
 v - a +2 pair of gloves (worn)
 B - a +2 pair of boots of running (worn)
 U - a +10 pearl dragon armour (worn)
Jewellery
 o - a +5 ring of evasion (right hand)
 r - an uncursed amulet of resist corrosion
 z - an uncursed amulet of rage
 C - an uncursed amulet of clarity
 G - an uncursed ring of see invisible
 I - an amulet of resist mutation (around neck)
 P - a ring of protection from magic (left hand)
 V - an uncursed ring of sustain attributes
Wands
 e - a wand of digging (6)
 m - a wand of paralysis (4)
 w - a wand of disintegration (6)
 x - a wand of confusion (13)
 T - a wand of slowing (24)
 W - a wand of hasting (0)
 X - a wand of heal wounds (2)
Scrolls
 d - 11 scrolls of recharging
 f - a scroll of summoning
 l - 23 scrolls of teleportation
 s - 8 scrolls of blinking
 E - 3 scrolls of torment
 H - 5 scrolls of fear
 J - 3 scrolls of holy word
 K - 26 scrolls of remove curse
 S - 5 scrolls of fog
Potions
 g - a potion of resistance
 h - 3 potions of flight
 k - 2 potions of cancellation
 n - 8 potions of brilliance
 q - 3 potions of agility
 u - 3 potions of heal wounds
 y - 5 potions of lignification
 A - 3 potions of cure mutation
 F - 17 potions of curing
 Z - 2 potions of might
Miscellaneous
 p - a box of beasts {used: 1}
 t - a phial of floods
 L - a disc of storms
 O - an ornate deck of changes {Fortitude, drawn: 5}
 R - an ornate deck of defence {the Elixir}
 Y - a sack of spiders
Comestibles
 D - a meat ration
 Q - 17 royal jellies


   Skills:
 O Level 27 Fighting
   Level 16.7(24.9) Axes
 - Level 25.6(27) Maces & Flails
   Level 18.6(20.8) Polearms
 * Level 7.9 Throwing
 + Level 23.3 Armour
 + Level 18.6 Dodging
 + Level 20.8 Shields
 * Level 7.3 Transmutations
 * Level 7.6 Earth Magic
 - Level 10.0 Evocations


You had 7 spell levels left.
You knew the following spells:

 Your Spells              Type           Power        Failure   Level  Hunger
a - Repel Missiles        Chrm/Air       #.....       38%         2    ###....
b - Swiftness             Chrm/Air       #.......     38%         2    ###....
c - Apportation           Tloc           #.........   28%         1    ##.....
d - Corona                Hex            #......      28%         1    ##.....
e - Sublimation of Blood  Necr           #.........   38%         2    ###....
f - Regeneration          Chrm/Necr      #.........   80%         3    ####...
g - Stoneskin             Trmt/Erth      ####....     1%          2    ###....
h - Summon Butterflies    Summ           #.......     28%         1    ##.....
i - Blink                 Tloc           N/A          38%         2    ###....
j - Teleport Other        Tloc           #.......     80%         3    ####...


Dungeon Overview and Level Annotations

Branches:
Dungeon (15/15)            Temple (0/1) D:5            Lair (8/8) D:10
  Swamp (4/4) Lair:4        Snake (4/4) Lair:6        Slime (6/6) Lair:7
    Orc (4/4) D:11            Elf (3/3) Orc:4        Vaults (5/5) D:14
  Crypt (0/3) Vaults:3     Depths (5/5) D:15            Zot (5/5) Depths:5

Altars:
Fedhas
Gozag
Nemelex Xobeh
Okawaru
Ru
Trog
Xom
Yredelemnul

Shops:
D:12 **[?   Orc:4 [(=*   Vaults:1 ?   Depths:2 :

Portals:
Hell: Depths:1 Depths:2 Depths:3 Depths:4 Depths:5
Abyss: Depths:2 Depths:4
Pandemonium: Depths:1 Depths:2 Depths:3 Depths:4 Depths:5
Ziggurat: Depths:1

Annotations:
Lair:8 exclusion: oklob plant


Innate Abilities, Weirdness & Mutations

You reflexively headbutt those who attack you in melee.
You have a pair of horns on your head.
You have very sharp teeth.
You have sharp toenails.
You are surrounded by a mild repulsion field (EV +2).
You are partially covered in icy blue scales (AC +1).
You are partially covered in yellow scales (AC +2).
You tend to lose your temper in combat.
Scrolls take you a little longer to read.
Your mind is acute. (Int +2)
Armour fits poorly on your strangely shaped body.
Your flesh is heat resistant.
You are resistant to hostile enchantments.
Your system is resistant to poisons.
You are robust (+10% HP).
You occasionally shout uncontrollably at your foes.
You are covered in fur (AC +1).
You can spit weak poison.
Your muscles are very strong. (Str +4)
You expend magic power (3 MP) to strengthen your wands.


Message History

Press: ? - help, Shift-Dir - straight line, f - you The rock shatters into small pieces.
This wand has 8 charges left.
Evoke which item? (* to show all) (? for menu, Esc to quit)
Zapping:
e - a wand of digging (8)
Press: ? - help, Shift-Dir - straight line, f - you The rock shatters into small pieces.
This wand has 7 charges left.
You block the giant newt's attack.
Your body shudders with the violent release of wild energies!
Your body twists and deforms.
A hellwing, a rust devil and a pandemonium lord come into view.
Press: ? - help, v - describe, . - travel
Here: Nozeoq The floor.
The rust devil screeches!
Evoke which item? (* to show all) (? for menu, Esc to quit)
Zapping:
e - a wand of digging (7)
Press: ? - help, Shift-Dir - straight line, f - you The rock shatters into small pieces.
This wand has 6 charges left.
There is a staircase leading out of the dungeon here.
You have escaped!

#.#.#.####.##
#...#........
#######..######.##
#....'...######.## ##
#....#..###.......
#.#######..'.#.###.##
#.#####..####.##....
#...##..'..#.##....
#@.##..#..#.###.##
#..'...#..#.# #...
###l..##..#.######
######..######.......
#.............#######
#.###########.#####
#.......# #.....#
#.......# #####.###
#.......# #........


You could see a giant newt.

Vanquished Creatures
  the royal jelly (Slime:6)
  5 ancient liches
  7 orbs of fire
  Mara (Vaults:4)
  2 juggernauts
  the Lernaean hydra (Swamp:4)
  Vashnia (Snake:3)
  A caustic shrike (Depths:3)
  2 curse toes
  2 Killer Klowns (Zot:5)
  12 tentacled monstrosities
  7 golden dragons
  Nikola (Depths:2)
  2 profane servitors (Abyss:3)
  Xtahua (Vaults:3)
  4 bone dragons
  5 electric golems
  A hellephant (Abyss:1)
  15 liches
  Rupert (Lair:4)
  18 Orb Guardians (Zot:5)
  3 titans
  23 acid blobs
  2 deep elf master archers (Elf:3)
  3 quicksilver dragons
  2 deep elf blademasters (Elf:3)
  A thorn hunter (Swamp:4)
  10 tentacled starspawn
  2 octopode crushers (Depths:3)
  5 death cobs
  Kirke (Lair:8)
  6 storm dragons
  6 shadow dragons
  3 sphinxes
  6 tengu reavers
  17 azure jellies
  2 draconian monks (Zot:5)
  10 fire giants
  7 greater nagas
  4 iron dragons
  8 frost giants
  Maud (Orc:3)
  6 draconian scorchers
  8 deep elf sorcerers
  8 ghost moths
  Aizul (Vaults:4)
  An emperor scorpion (Vaults:3)
  2 cacodemons
  14 vault wardens
  An orc warlord (Orc:4)
  4 draconian shifters
  A draconian annihilator (Abyss:2)
  4 spriggan defenders
  A war gargoyle (Vaults:5)
  19 stone giants
  24 very ugly things
  7 green draconians
  15 ironheart preservers
  8 deep elf demonologists
  10 deep elf annihilators
  A draconian caller (Zot:2)
  A vampire knight (Depths:3)
  2 salamander stormcallers (Vaults:5)
  2 mottled draconians
  2 pale draconians (Depths:5)
  3 white draconians
  5 black draconians
  2 dire elephants
  4 red draconians
  7 purple draconians
  3 yellow draconians
  13 deep elf death magi
  A merfolk javelineer (Depths:5)
  9 death oozes
  17 ettins
  A blizzard demon (Abyss:3)
  A green death (Depths:2)
  Josephine (Orc:3)
  12 fire dragons
  5 deep elf high priests
  39 vault guards
  17 ogre magi
  16 yaktaur captains
  3 spriggan air magi (Depths:5)
  7 entropy weavers
  18 great orbs of eyes
  Harold (Lair:4)
  4 rakshasas
  A hell beast (Depths:4)
  19 ice dragons
  8 naga warriors
  37 hydras
  10 anacondas
  3 catoblepae
  A death knight (Abyss:3)
  10 centaur warriors
  A satyr (shapeshifter) (Vaults:5)
  8 deep troll earth magi
  19 dancing weapons
  8 alligators
  10 death yaks (Lair:8)
  A ghost crab (shapeshifter) (Vaults:1)
  5 tengu warriors
  11 deep troll shamans
  3 orc high priests
  7 hell knights
  2 titan zombies
  12 thrashing horrors
  A soul eater (Depths:1)
  5 spriggan berserkers
  19 naga sharpshooters
  A shock serpent (shapeshifter) (Vaults:4)
  An iron golem (WizLab)
  Nergalle (Lair:2)
  4 shock serpents
  16 deep elf knights
  4 hell hogs (Abyss:3)
  8 wretched stars
  3 salamander mystics
  20 large abominations
  5 skeletal warriors (Vaults:3)
  6 iron trolls
  3 spatial maelstroms
  A storm dragon skeleton (Vaults:3)
  A death drake (shapeshifter) (Vaults:3)
  26 deep trolls
  3 ice devils
  An iron troll (shapeshifter) (Depths:5)
  A golden dragon zombie (Abyss:3)
  A giant orange brain (shapeshifter) (WizLab)
  9 deep elf summoners
  A wizard (Vaults:3)
  3 unseen horrors
  7 giant orange brains
  A spriggan druid (Swamp:2)
  5 flayed ghosts
  An orange crystal statue (Depths:1)
  4 shambling mangroves
  A putrid demonspawn (Depths:2)
  A golden dragon skeleton (Depths:3)
  2 shadow dragon zombies (Abyss:2)
  17 swamp dragons
  14 deep elf conjurers
  5 necromancers
  8 phantasmal warriors
  8 hill giants
  5 mana vipers
  7 griffons
  7 naga ritualists
  19 ironbrand convokers
  6 shining eyes
  A wolf spider (shapeshifter) (Zot:1)
  75 ugly things
  An orb spider (Abyss:3)
  9 orc sorcerers
  20 orc knights
  A lindwurm (Lair:8)
  4 hornets
  3 wolf spiders
  4 cyclopes
  12 salamanders
  A shadow dragon skeleton (Depths:3)
  A tengu skeleton (Vaults:3)
  2 frost giant zombies
  An iron dragon zombie (Depths:3)
  3 manticores
  25 moths of wrath
  A worldbinder (Abyss:3)
  A guardian serpent (shapeshifter) (WizLab)
  2 rust devils
  42 black mambas
  A centaur zombie (D:12)
  4 fire giant skeletons (Vaults:3)
  An elephant (shapeshifter) (Vaults:5)
  5 sixfirhies
  2 cyclopes (shapeshifter)
  A human skeleton (Vaults:3)
  8 vault sentinels
  A dire elephant zombie (Abyss:2)
  2 black mambas (shapeshifter)
  8 elephants
  5 eyes of devastation
  A torpor snail (shapeshifter) (WizLab)
  3 guardian serpents
  4 orange demons
  23 spiny frogs
  A salamander skeleton (Vaults:3)
  5 smoke demons
  27 naga magi
  A redback zombie (D:15)
  A yaktaur (shapeshifter) (WizLab)
  An efreet (Abyss:2)
  A demonic crawler (Abyss:1)
  7 fire drakes
  53 yaktaurs
  4 ancient zymes
  A fire drake (shapeshifter) (WizLab)
  36 two-headed ogres
  2 yaktaur skeletons (Vaults:3)
  A guardian mummy (Zot:2)
  4 tengu conjurers
  2 freezing wraiths
  3 red devils
  A sphinx simulacrum (Depths:3)
  7 komodo dragons
  The ghost of ShansongY the Magician, a novice DEWz of Vehumet (D:4)
  A wolf spider simulacrum (Vaults:1)
  2 queen bees
  15 raiju
  A troll (shapeshifter) (WizLab)
  2 polar bears (shapeshifter) (WizLab)
  2 queen bees (shapeshifter)
  8 polar bears (Lair:8)
  29 blink frogs
  3 jumping spiders
  A wind drake (shapeshifter) (Depths:3)
  11 deep elf priests
  3 giant leeches
  Prince Ribbit (D:6)
  7 boulder beetles
  2 frost giant simulacra
  10 trolls
  A blink frog (shapeshifter) (WizLab)
  158 slime creatures
  2 stone giant simulacra
  A jumping spider (shapeshifter) (WizLab)
  10 bog bodies
  A human (shapeshifter) (Vaults:5)
  A spriggan (shapeshifter) (WizLab)
  6 ynoxinuls
  Sigmund (D:4)
  39 deep elf fighters
  9 water elementals
  2 ettin skeletons (Vaults:3)
  A tarantella (shapeshifter) (Depths:4)
  19 starcursed masses (Abyss:3)
  46 yaks
  2 tarantellas
  13 spriggans
  3 air elementals
  4 basilisks
  2 trapdoor spiders (shapeshifter) (WizLab)
  11 wyverns
  A fire bat (shapeshifter) (WizLab)
  2 shadows
  A yak (shapeshifter) (WizLab)
  11 hippogriffs
  9 wraiths
  Eustachio (D:6)
  12 redbacks
  A fire bat (Abyss:3)
  4 chaos spawn
  A golden eye (shapeshifter) (WizLab)
  3 steam dragons (Depths:5)
  A fire elemental (D:14)
  5 neqoxecs
  7 golden eyes
  5 hogs (shapeshifter)
  13 wolves
  24 deep elf magi
  3 human simulacra
  2 hippogriffs (shapeshifter)
  4 hungry ghosts
  2 soldier ants (shapeshifter)
  7 spatial vortices
  8 hell hounds (Lair:8)
  40 nagas
  5 insubstantial wisps (Swamp:4)
  3 mottled dragons
  29 vampire mosquitoes
  A spiny frog zombie (Abyss:2)
  30 swamp worms
  11 wargs
  2 soldier ants
  Duvessa (D:6)
  2 phantoms
  2 ice beasts
  39 orc warriors
  9 porcupines
  3 black bears (shapeshifter) (WizLab)
  70 ogres
  An ettin simulacrum (Vaults:1)
  12 swamp drakes
  A wasp (shapeshifter) (Depths:4)
  7 boggarts
  6 sky beasts
  19 wasps
  An ogre (shapeshifter) (Vaults:1)
  An elf skeleton (Vaults:3)
  An eye of draining (shapeshifter) (Depths:1)
  18 water moccasins
  14 black bears
  32 centaurs
  7 eyes of draining
  15 crocodiles
  14 giant frogs
  2 human zombies
  2 big kobolds (D:8)
  A gnoll sergeant (D:13)
  16 small abominations
  3 wyvern skeletons (D:14)
  3 scorpions
  Dowan (D:6)
  An elf zombie (Vaults:1)
  2 electric eels (Lair:5)
  10 wights
  43 killer bees
  4 quasits
  18 hounds
  9 crimson imps
  A giant frog zombie (D:7)
  43 jellies
  4 giant frog skeletons
  25 orc wizards
  7 centaur skeletons
  21 orc priests
  10 iron imps
  Jessica (D:3)
  13 iguanas
  15 worker ants
  27 sheep
  A hound zombie (D:6)
  13 adders
  15 gnolls
  A worker ant zombie (D:11)
  33 river rats
  4 white imps
  3 shadow imps
  5 ufetubi
  4 giant eyeballs (WizLab)
  2 oozes (D:2)
  An adder skeleton (D:9)
  4 worms
  10 giant geckos
  175 orcs
  5 giant cockroaches
  4 goblins
  12 hobgoblins
  19 jackals
  19 kobolds
  5 quokkas
  5 bats
  A giant gecko skeleton (D:4)
  6 giant newts
  A quokka zombie (D:5)
  7 rats
  2 bushes (Lair:8)
  2 crawling corpses (Elf:1)
  18 fungi
  2 lurking horrors
  22 plants
  2 starspawn tentacles (Abyss:3)
  2 tentacles (Abyss:3)
3058 creatures vanquished.

Vanquished Creatures (collateral kills)
  An ancient lich (Zot:5)
  A Killer Klown (Zot:5)
  6 Orb Guardians (Zot:5)
  A titan (Vaults:5)
  A death cob (Zot:5)
  An eldritch tentacle (Zot:5)
  An octopode crusher (Depths:3)
  2 shadow dragons
  2 tengu reavers (Vaults:5)
  A fire giant (Vaults:5)
  An ironheart preserver (Vaults:3)
  2 very ugly things
  A spriggan defender (Depths:3)
  A yellow draconian (Zot:5)
  A deep elf death mage (Elf:3)
  2 vault guards (Vaults:4)
  A fire dragon (Zot:5)
  2 ogre magi (Vaults:3)
  A great orb of eyes (Slime:6)
  A naga warrior (Snake:4)
  2 yaktaur captains
  A spriggan air mage (Depths:3)
  A hydra (Swamp:4)
  2 centaur warriors
  A satyr (D:10)
  A deep troll shaman (Depths:3)
  2 tengu warriors
  A naga sharpshooter (Snake:2)
  A deep troll earth mage (Depths:3)
  A deep troll (Depths:3)
  A naga ritualist (Snake:2)
  An ironbrand convoker (Vaults:3)
  2 orc knights
  8 ugly things
  A cyclops (Vaults:2)
  A black mamba (Snake:2)
  A vault sentinel (Vaults:3)
  A spiny frog (Swamp:4)
  An elephant (Lair:7)
  6 yaktaurs
  A deep elf priest (Vaults:5)
  A blink frog (Swamp:4)
  2 slime creatures
  A bog body (Swamp:3)
  2 hippogriffs
  A spriggan (Depths:5)
  A golden eye (Slime:5)
  3 nagas (Snake:2)
  An eye of draining (Slime:5)
  5 ogres
  A big kobold (D:8)
  A worker ant (D:8)
  An orc (Vaults:3)
  A jackal (Lair:8)
  3 kobolds (D:8)
  A lurking horror (Abyss:3)
92 creatures vanquished.

Vanquished Creatures (others)
  A tengu reaver (Depths:3)
  A draconian knight (Zot:5)
  A fire giant (Vaults:5)
  An ironheart preserver (Vaults:5)
  A stone giant (Vaults:5)
  A draconian caller (Zot:4)
  A salamander stormcaller (Vaults:4)
  A yaktaur captain (Vaults:5)
  A great orb of eyes (Depths:2)
  2 deep elf high priests
  2 dancing weapons (Vaults:5)
  2 ogre magi (Vaults:3)
  A wizard (Depths:2)
  A deep troll (Depths:2)
  A deep elf conjurer (Elf:3)
  A moth of wrath (Zot:4)
  A spiny frog (Lair:8)
  4 yaktaurs
  3 slime creatures
  A redback (Vaults:2)
  A wyvern (Depths:1)
  A water elemental (Depths:5)
  3 humans (Lair:8)
  A tarantella (Vaults:2)
  A deep elf fighter (Elf:2)
  3 wasps (Swamp:2)
  3 ogres (Depths:2)
  A killer bee (Depths:3)
  A jelly (Slime:5)
  5 orcs
  6 bushes (Lair:8)
  A crawling corpse (Vaults:5)
  67 eldritch tentacle segments (Zot:5)
  36 fungi
  2 lurking horrors (Abyss:3)
  83 plants
  45 starspawn tentacles
  475 starspawn tentacle segments
  12 tentacles (Abyss:3)
  433 tentacle segments (Abyss:3)
1208 creatures vanquished.

Grand Total: 4358 creatures vanquished

Notes
Turn   | Place    | Note
--------------------------------------------------------------
     0 | D:1      | Beholder179 the Minotaur Chaos Knight began the quest for the Orb.
     0 | D:1      | Reached XP level 1. HP: 19/19 MP: 0/0
   103 | D:1      | XOM: silly message
   220 | D:1      | Reached skill level 4 in Fighting
   220 | D:1      | Reached XP level 2. HP: 27/27 MP: 1/1
   824 | D:1      | XOM: give mutations
   824 | D:1      | Gained mutation: You are frail (-10% HP). [Xom's mischief]
   824 | D:1      | Gained mutation: Scrolls take you a little longer to read. [Xom's mischief]
  1014 | D:2      | Reached XP level 3. HP: 29/29 MP: 2/2
  1086 | D:2      | XOM: silly message
  1129 | D:2      | XOM: 3-stop teleportation journey
  1222 | D:2      | Found a faded altar to an unknown god.
  1380 | D:2      | Found a sacrificial altar of Ru.
  1515 | D:2      | Gained mutation: Your body sometimes deteriorates upon taking damage. [potion of mutation]
  1515 | D:2      | Gained mutation: Your spells are a little harder to cast, but a little more powerful. [potion of mutation]
  1516 | D:2      | Lost mutation: You are frail (-10% HP). [potion of cure mutation]
  1516 | D:2      | Lost mutation: Scrolls take you a little longer to read. [potion of cure mutation]
  1517 | D:2      | Lost mutation: Your spells are a little harder to cast, but a little more powerful. [potion of cure mutation]
  1517 | D:2      | Lost mutation: Your body sometimes deteriorates upon taking damage. [potion of cure mutation]
  1526 | D:2      | XOM: smoke on damage
  1634 | D:3      | Found a sparkling altar of Nemelex Xobeh.
  1708 | D:3      | XOM: butterfly on damage
  1749 | D:3      | Reached XP level 4. HP: 32/41 MP: 3/3
  1802 | D:3      | XOM: noise
  1854 | D:3      | Reached skill level 5 in Axes
  1859 | D:3      | Reached skill level 5 in Fighting
  2007 | D:3      | Reached XP level 5. HP: 48/48 MP: 4/4
  2195 | D:3      | Noticed Jessica
  2201 | D:3      | Killed Jessica
  2227 | D:3      | Reached XP level 6. HP: 42/56 MP: 5/5
  2818 | D:4      | Noticed ShansongY's ghost (novice DEWz)
  2876 | D:4      | XOM: harmless Necr miscast
  2881 | D:4      | Killed ShansongY's ghost
  2881 | D:4      | Reached skill level 6 in Axes
  2881 | D:4      | Reached skill level 5 in Armour
  2881 | D:4      | Reached XP level 7. HP: 29/62 MP: 6/6
  3414 | D:4      | Noticed Sigmund
  3416 | D:4      | Reached skill level 1 in Shields
  3424 | D:4      | Killed Sigmund
  3434 | D:4      | Reached XP level 8. HP: 69/71 MP: 7/7
  3532 | D:5      | Entered Level 5 of the Dungeon
  3538 | D:5      | Learned a level 2 spell: Repel Missiles
  3541 | D:5      | Learned a level 2 spell: Swiftness
  3548 | D:5      | XOM: colour smoke trail
  3610 | D:5      | XOM: 1-stop teleportation journey
  3637 | D:5      | XOM: give mutations
  3637 | D:5      | Gained mutation: You can translocate small distances at will. [Xom's grace]
  3637 | D:5      | Gained mutation: You evolve. [Xom's grace]
  3727 | D:5      | XOM: colour smoke trail
  3820 | D:5      | Found a staircase to the Ecumenical Temple.
  4062 | D:5      | Reached skill level 7 in Axes
  4234 | D:5      | XOM: cast spell 'Ice Form'
  4417 | D:6      | XOM: colour smoke trail
  4593 | D:6      | Noticed Dowan
  4630 | D:6      | Killed Dowan
  4800 | D:6      | Gained mutation: Scrolls take you a little longer to read. [evolution]
  4895 | D:6      | Noticed Prince Ribbit
  4895 | D:6      | XOM: enchant monster (good)
  4900 | D:6      | XOM: enchant monster (good)
  4904 | D:6      | Killed Prince Ribbit
  4904 | D:6      | Reached skill level 8 in Axes
  4989 | D:6      | Noticed Eustachio
  4989 | D:6      | XOM: 1-stop teleportation journey
  5111 | D:6      | Killed Eustachio
  5173 | D:6      | Noticed Duvessa
  5176 | D:6      | XOM: fake destruction
  5180 | D:6      | Killed Duvessa
  5180 | D:6      | Reached XP level 9. HP: 79/79 MP: 8/8
  5323 | D:6      | XOM: give mutations
  5323 | D:6      | Gained mutation: You can spit weak poison. [Xom's grace]
  5323 | D:6      | Gained mutation: You have large cloven feet. [Xom's grace]
  5323 | D:6      | Gained mutation: Your muscles are strong. (Str +2) [Xom's grace]
  5323 | D:6      | Gained mutation: You can spit poison. [Xom's grace]
  5366 | D:6      | XOM: fog
  5538 | D:7      | Found a basalt altar of Yredelemnul.
  5550 | D:7      | Reached skill level 9 in Armour
  5596 | D:7      | XOM: enchant monster (good)
  5673 | D:7      | Found a flagged portal.
  5693 | Bailey   | Entered a bailey
  5755 | Bailey   | Noticed an orc knight
  5863 | Bailey   | XOM: 5-stop teleportation journey
  5910 | Bailey   | Noticed an orc knight
  5912 | Bailey   | XOM: swap monsters
  5926 | Bailey   | Got a bound golden ring
  5931 | Bailey   | Identified the ring "Valoi" {*Confuse EV+3 Int+3 Slay+3} (You found it in a bailey)
  5946 | Bailey   | XOM: summons 7 friendly demons
  5951 | Bailey   | Killed an orc knight
  5961 | Bailey   | XOM: summons friendly iron imp
  5976 | Bailey   | Killed an orc knight
  6159 | Bailey   | XOM: god gift: 46 gold pieces
  6401 | Bailey   | XOM: god gift: 4 tomahawks of returning
  6422 | Bailey   | XOM: scenery: 1 doors open
  6620 | Bailey   | XOM: fog
  6621 | Bailey   | XOM: cast spell 'Dragon Form'
  6624 | Bailey   | Reached skill level 10 in Armour
  6625 | Bailey   | Reached skill level 10 in Axes
  6719 | D:7      | Found an opulent altar of Gozag.
  6733 | D:7      | XOM: cast spell 'Metabolic Englaciation'
  6734 | D:7      | XOM: polymorph giant frog -> centaur
  6775 | D:7      | XOM: swap monsters
  7057 | D:7      | Reached XP level 10. HP: 90/90 MP: 9/9
  7386 | D:8      | XOM: divination: detect items
  7633 | D:8      | XOM: swap monsters
  7720 | D:8      | Found a blossoming altar of Fedhas.
  7722 | D:8      | Found an iron altar of Okawaru.
  7841 | D:8      | XOM: summons friendly sixfirhy
  7875 | D:8      | XOM is BORED!
  7875 | D:8      | XOM: give mutations
  7875 | D:8      | Gained mutation: Scrolls take you longer to read. [Xom's mischief]
  7875 | D:8      | Lost mutation: You evolve. [Xom's mischief]
  7989 | D:8      | Reached skill level 5 in Shields
  8252 | D:9      | XOM: potion effect (curing)
  8336 | D:9      | Reached skill level 11 in Axes
  8382 | D:9      | XOM: god gift: shimmering morningstar {god gift}
  8383 | D:9      | Got a shimmering morningstar {god gift}
  8384 | D:9      | Identified the +3 morningstar "Lifebane" {chaos, rN+} (Xom gifted it to you on level 9 of the Dungeon)
  8623 | D:9      | XOM: colour smoke trail
  8674 | D:9      | XOM: give mutations
  8674 | D:9      | Gained mutation: Your muscles are very strong. (Str +4) [Xom's grace]
  8674 | D:9      | Gained mutation: You are resistant to hostile enchantments. [Xom's grace]
  8674 | D:9      | Gained mutation: Your flesh is heat resistant. [Xom's grace]
  8674 | D:9      | Gained mutation: You are robust (+10% HP). [Xom's grace]
  8765 | D:9      | Found a shimmering altar of Xom.
  8828 | D:9      | XOM: colour smoke trail
  8912 | D:10     | Entered Level 10 of the Dungeon
  8926 | D:10     | XOM: harmless Summ miscast
  9069 | D:10     | Found a staircase to the Lair.
  9133 | D:10     | XOM: harmless Air miscast
  9157 | D:10     | Learned a level 1 spell: Apportation
  9159 | D:10     | Learned a level 1 spell: Corona
  9178 | D:10     | Noticed a hill giant
  9186 | D:10     | XOM: summons friendly crimson imp
  9187 | D:10     | XOM: enchant monster (good)
  9191 | D:10     | Killed a hill giant
  9246 | D:10     | XOM: silly message
  9307 | D:10     | Noticed a hill giant
  9312 | D:10     | XOM: harmless Summ miscast
  9319 | D:10     | Noticed a satyr
  9319 | D:10     | a hill giant changed into a satyr
  9319 | D:10     | XOM: polymorph hill giant -> satyr
  9324 | D:10     | XOM: summons 10 friendly demons
  9327 | D:10     | Killed a satyr
  9327 | D:10     | Reached skill level 12 in Axes
  9516 | D:10     | Reached XP level 11. HP: 108/108 MP: 7/10
  9534 | D:10     | Found a sparkling altar of Nemelex Xobeh.
  9614 | D:11     | Reached skill level 10 in Fighting
  9693 | D:11     | Noticed a centaur warrior
  9693 | D:11     | XOM: summons friendly white imp
  9695 | D:11     | Noticed a four-headed hydra
  9695 | D:11     | XOM: enchant monster (good)
  9697 | D:11     | XOM: summons friendly ufetubus
  9704 | D:11     | Killed a four-headed hydra
  9713 | D:11     | Killed a centaur warrior
  9720 | D:11     | XOM: god gift: scroll of teleportation
  9893 | D:11     | Paralysed by a wasp for 1 turns
  9943 | D:11     | XOM: god gift: glowing diamond ring {god gift}
  9988 | D:11     | XOM: chaos upgrade
 10131 | D:11     | Noticed a hill giant
 10132 | D:11     | XOM: swap monsters
 10148 | D:11     | Killed a hill giant
 10268 | D:11     | Found a staircase to the Orcish Mines.
 10343 | D:11     | XOM: god gift: 28 gold pieces
 10419 | D:11     | XOM: colour smoke trail
 10489 | Lair:1   | Entered Level 1 of the Lair of Beasts
 10551 | Lair:1   | XOM: harmless Tloc miscast
 10781 | Lair:1   | XOM: enchant monster (bad)
 10801 | Lair:1   | XOM: 3-stop teleportation journey
 10834 | Lair:1   | XOM: enchant monster (bad)
 10841 | Lair:1   | Reached skill level 13 in Axes
 11209 | Lair:1   | XOM: 1-stop teleportation journey
 11284 | Lair:1   | XOM: 1-stop teleportation journey
 11547 | Lair:2   | XOM: summons 5 hostile demons
 11558 | Lair:2   | XOM: harmless Hex miscast
 11608 | Lair:2   | Noticed a six-headed hydra
 11618 | Lair:2   | Killed a six-headed hydra
 11618 | Lair:2   | Reached XP level 12. HP: 107/121 MP: 11/11
 11750 | Lair:2   | Noticed Nergalle
 11763 | Lair:2   | Killed Nergalle
 12094 | Lair:2   | XOM: silly message
 12185 | Lair:2   | Reached skill level 14 in Axes
 12285 | Lair:2   | XOM: give mutations
 12285 | Lair:2   | Gained mutation: You are partially covered in yellow scales (AC +2). [Xom's mischief]
 12285 | Lair:2   | Lost mutation: You are robust (+10% HP). [Xom's mischief]
 12285 | Lair:2   | Lost mutation: You are resistant to hostile enchantments. [Xom's mischief]
 12285 | Lair:2   | Lost mutation: Your muscles are very strong. (Str +4) [Xom's mischief]
 12412 | Lair:3   | XOM: mild Conj miscast
 12512 | Lair:3   | XOM: noise
 12513 | Lair:3   | XOM: noise
 12514 | Lair:3   | Noticed a catoblepas
 12526 | Lair:3   | Killed a catoblepas
 12547 | Lair:3   | XOM: 2-stop teleportation journey
 12552 | Lair:3   | XOM: noise
 12557 | Lair:3   | Noticed a five-headed hydra
 12563 | Lair:3   | XOM: summons 12 friendly demons
 12565 | Lair:3   | Killed a five-headed hydra
 12735 | Lair:3   | XOM: noise
 13268 | Lair:3   | XOM: god gift: scroll labeled POUTUIM PAKLOC
 13311 | Lair:4   | You fall through a shaft!
 13374 | Lair:4   | Noticed Harold
 13376 | Lair:4   | Noticed Rupert
 13385 | Lair:4   | XOM: cast spell 'Monstrous Menagerie'
 13389 | Lair:4   | Reached XP level 13. HP: 113/122 MP: 12/12
 13408 | Lair:4   | XOM: fog
 13411 | Lair:4   | Killed Harold
 13426 | Lair:4   | Killed Rupert
 13426 | Lair:4   | Reached skill level 15 in Axes
 13502 | Lair:4   | XOM: potion effect (might)
 13504 | Lair:4   | XOM: cast spell 'Metabolic Englaciation'
 13639 | Lair:4   | Noticed an eight-headed hydra
 13661 | Lair:4   | XOM: confusion
 13673 | Lair:4   | Killed an eight-headed hydra
 13959 | Lair:4   | XOM: noise
 13963 | Lair:4   | Found a staircase to the Swamp.
 14026 | Lair:4   | XOM: god gift: ruby potion
 14225 | Lair:4   | Got a sapphire dagger
 14226 | Lair:4   | Identified the cursed +0 dagger "Fouthraze" {pierce, rF+ rN+ MR++} (You found it on level 4 of the Lair of Beasts)
 14298 | Lair:4   | XOM: noise
 14325 | Lair:4   | XOM: cast spell 'Spider Form'
 14554 | Lair:5   | XOM: enchant monster (good)
 15055 | Lair:5   | Reached XP level 14. HP: 130/130 MP: 13/13
 15152 | Lair:5   | XOM: god gift: disc of storms
 15432 | Lair:6   | XOM is BORED!
 15432 | Lair:6   | XOM: mild Summ miscast
 15434 | Lair:6   | XOM: mild Trmt miscast
 15664 | Lair:6   | Found a staircase to the Snake Pit.
 15811 | Lair:6   | XOM: confusion
 15816 | Lair:6   | XOM: swap monsters
 15817 | Lair:6   | XOM: enchant monster (good)
 15960 | Lair:6   | XOM: god gift: scroll of teleportation
 16020 | Lair:6   | XOM: harmless Chrm miscast
 16057 | Lair:6   | Reached skill level 16 in Axes
 16179 | Lair:7   | XOM: give mutations
 16179 | Lair:7   | Gained mutation: You have a beak for a mouth. [Xom's grace]
 16179 | Lair:7   | Gained mutation: You are partially covered in slimy green scales (AC +2). [Xom's grace]
 16265 | Lair:7   | Found a staircase to the Slime Pits.
 16324 | Lair:7   | Identified the Tome of Contamination and Attacks
 16346 | Lair:7   | XOM: summons friendly crimson imp
 16387 | Lair:7   | XOM: colour smoke trail
 16407 | Lair:7   | XOM: cast spell 'Summon Horrible Things'
 16522 | Lair:7   | XOM: medium Divn miscast
 16647 | Lair:7   | XOM: confusion
 16751 | Lair:7   | XOM: harmless Chrm miscast
 16796 | Lair:7   | XOM: mild Ice miscast
 17006 | Lair:7   | XOM: enchant monster (good)
 17107 | Lair:8   | Entered Level 8 of the Lair of Beasts
 17124 | Lair:8   | XOM: confusion (+ monsters)
 17133 | Lair:8   | XOM: divination: detect items
 17307 | Lair:8   | Noticed Kirke
 17312 | Lair:8   | XOM: enchant monster (good)
 17338 | Lair:8   | Killed Kirke
 17338 | Lair:8   | Reached skill level 15 in Fighting
 17540 | Lair:8   | XOM: fog
 17556 | Lair:8   | XOM: summons friendly crimson imp
 17561 | Lair:8   | XOM: 10-stop teleportation journey
 17660 | Lair:8   | XOM: give mutations
 17660 | Lair:8   | Lost mutation: Your muscles are strong. (Str +2) [Xom's mischief]
 17872 | Lair:8   | XOM: noise
 17938 | Lair:8   | XOM: summons friendly ufetubus
 18234 | Lair:8   | XOM: cast spell 'Monstrous Menagerie'
 18240 | Lair:8   | XOM: summons friendly shadow imp
 18241 | Lair:8   | XOM: enchant monster (bad)
 18248 | Lair:8   | Reached XP level 15. HP: 112/141 MP: 14/14
 18397 | Lair:8   | XOM: enchant monster (good)
 18403 | Lair:8   | Reached skill level 15 in Shields
 18446 | Lair:8   | Reached skill level 1 in Maces & Flails
 18463 | Lair:8   | XOM: destruction
 18517 | Lair:8   | Reached skill level 1 in Evocations
 18540 | Lair:8   | XOM: swap monsters
 18756 | Lair:8   | XOM: divination: detect creatures
 18826 | Lair:8   | XOM: mild Necr miscast
 19003 | Lair:8   | XOM: blink monster(s)
 19073 | Lair:8   | XOM: blink monster(s)
 19513 | Orc:1    | Entered Level 1 of the Orcish Mines
 19649 | Orc:1    | XOM: silly message
 19776 | Orc:2    | Found Etipoonu's Magic Scroll Emporium.
 20005 | Orc:2    | XOM: divination: detect creatures
 20023 | Orc:2    | Bought a scroll of identify for 32 gold pieces
 20033 | Orc:2    | XOM: mild Ice miscast
 20038 | Orc:2    | Bought a scroll of remove curse for 48 gold pieces
 20038 | Orc:2    | Bought a scroll of recharging for 152 gold pieces
 20527 | Orc:3    | Noticed Maud
 20534 | Orc:3    | XOM: harmless Summ miscast
 20536 | Orc:3    | XOM: summons 4 friendly demons
 20544 | Orc:3    | Killed Maud
 20610 | Orc:4    | Entered Level 4 of the Orcish Mines
 20610 | Orc:4    | Found Pifen's Jewellery Shoppe.
 20615 | Orc:4    | Reached skill level 5 in Dodging
 20623 | Orc:4    | XOM: polymorph orc warrior -> water moccasin
 20645 | Orc:4    | XOM: medium Fire miscast
 20714 | Orc:4    | Found a staircase to the Elven Halls.
 20738 | Orc:4    | Found Maufuh's Antique Weapon Shoppe.
 20741 | Orc:4    | Found Iggeplawk's General Store.
 20741 | Orc:4    | XOM: 3-stop teleportation journey
 21003 | Orc:4    | XOM: medium Erth miscast
 21003 | Orc:4    | Paralysed by an orc sorcerer for 6 turns
 21012 | Orc:4    | XOM: enchant monster (bad)
 21025 | Orc:4    | XOM: enchant monster (bad)
 21092 | Orc:4    | XOM: confusion (+ monsters)
 21211 | Orc:4    | Found Zynylet's Antique Armour Emporium.
 21245 | Orc:4    | XOM: draining
 21285 | Orc:4    | XOM: give mutations
 21285 | Orc:4    | Lost mutation: You can spit poison. [Xom's mischief]
 21285 | Orc:4    | Lost mutation: You can spit weak poison. [Xom's mischief]
 21285 | Orc:4    | Lost mutation: Scrolls take you longer to read. [Xom's mischief]
 21473 | Orc:3    | XOM: mild Chrm miscast
 21556 | Orc:3    | Found a bloodstained altar of Trog.
 21679 | Orc:3    | Noticed Josephine
 21692 | Orc:3    | Killed Josephine
 21799 | Orc:4    | XOM: give mutations
 21799 | Orc:4    | Gained mutation: You are weak. (Str -2) [Xom's mischief]
 21799 | Orc:4    | Gained mutation: You are very weak. (Str -4) [Xom's mischief]
 21838 | Orc:4    | Bought a glowing pearl dragon armour for 2200 gold pieces
 21838 | Orc:4    | Bought a glowing hat for 88 gold pieces
 21838 | Orc:4    | Bought a pair of embroidered gloves for 99 gold pieces
 21936 | Orc:4    | Bought a scroll of remove curse for 48 gold pieces
 21971 | Orc:3    | XOM: give mutation
 21971 | Orc:3    | XOM: confusion (+ monsters)
 22032 | D:12     | Found Suipaini's Assorted Antiques.
 22052 | D:12     | XOM: summons friendly white imp
 22059 | D:12     | Reached skill level 17 in Fighting
 22079 | D:12     | Bought a scroll of identify for 60 gold pieces
 22096 | D:12     | Found Pugg's General Store.
 22127 | D:12     | XOM: 3-stop teleportation journey
 22250 | D:12     | Found Nisoig's Magic Scroll Emporium.
 22324 | D:12     | Found Baraisch's Antique Armour Boutique.
 22796 | D:12     | XOM: harmless Hex miscast
 22830 | D:11     | XOM: give mutations
 22830 | D:11     | Gained mutation: You are clumsy. (Dex -2) [Xom's mischief]
 22922 | Lair:1   | XOM: mild Chrm miscast
 22984 | Lair:3   | XOM: summons 5 hostile demons
 23085 | Snake:1  | Entered Level 1 of the Snake Pit
 23215 | Snake:1  | XOM: enchant monster (good)
 23308 | Snake:1  | XOM: polymorph naga mage -> eye of draining
 23309 | Snake:1  | XOM: swap monsters
 23388 | Snake:1  | XOM: summons friendly ufetubus
 23581 | Snake:1  | Reached skill level 5 in Evocations
 23581 | Snake:1  | Reached XP level 16. HP: 117/155 MP: 18/18
 23588 | Snake:1  | XOM: give mutations
 23588 | Snake:1  | Gained mutation: You are surrounded by a mild repulsion field (EV +2). [Xom's grace]
 23588 | Snake:1  | Gained mutation: Your natural rate of healing is unusually fast. [Xom's grace]
 23588 | Snake:1  | Lost mutation: You are clumsy. (Dex -2) [Xom's grace]
 23588 | Snake:1  | Gained mutation: You have a pair of large horns on your head. [Xom's grace]
 23649 | Snake:1  | XOM: enchant monster (good)
 23658 | Snake:1  | XOM: polymorph naga -> porcupine
 23690 | Snake:1  | Reached skill level 15 in Armour
 23698 | Snake:1  | XOM: silly message
 24103 | Snake:2  | XOM: swap monsters
 24113 | Snake:2  | XOM: destruction
 24115 | Snake:2  | XOM: enchant monster (good)
 24121 | Snake:2  | XOM: cast spell 'Olgreb's Toxic Radiance'
 24213 | Snake:2  | Reached skill level 18 in Fighting
 24213 | Snake:2  | Reached XP level 17. HP: 139/165 MP: 20/20
 24264 | Snake:2  | XOM: summons friendly iron imp
 24295 | Snake:2  | Identified a scroll of acquirement
 24299 | Snake:2  | XOM: summons friendly iron imp
 24610 | Snake:2  | XOM: confuse monster(s)
 24620 | Snake:2  | XOM: enchant monster (good)
 24632 | Snake:2  | XOM: potion effect (heal wounds)
 24793 | Snake:3  | XOM: fake destruction
 24805 | Snake:3  | XOM: summons friendly shadow imp
 24828 | Snake:3  | XOM: 1-stop teleportation journey
 24833 | Snake:3  | XOM: 1-stop teleportation journey
 25131 | Snake:3  | XOM: enchant monster (bad)
 25132 | Snake:3  | XOM: medium Hex miscast
 25328 | Snake:3  | XOM: enchant monster (bad)
 25585 | Snake:3  | XOM: cast spell 'Death Channel'
 25626 | Snake:3  | Noticed Vashnia
 25649 | Snake:3  | XOM: smoke on damage
 25661 | Snake:3  | Killed Vashnia
 25661 | Snake:3  | Reached skill level 19 in Fighting
 26248 | Snake:4  | Entered Level 4 of the Snake Pit
 26343 | Snake:4  | Reached skill level 10 in Dodging
 26422 | Snake:4  | Reached skill level 5 in Maces & Flails
 26447 | Snake:4  | XOM: blink monster(s)
 26650 | Snake:4  | XOM: blink monster(s)
 26750 | Snake:4  | XOM: medium Necr miscast
 26919 | Snake:4  | XOM: blink monster(s)
 26924 | Snake:4  | XOM: polymorph black mamba -> yaktaur
 26942 | Snake:4  | XOM: harmless Divn miscast
 26955 | Snake:4  | XOM: chaos cloud
 26968 | Snake:4  | XOM: blink monster(s)
 26983 | Snake:4  | XOM: 1-stop teleportation journey
 27037 | Snake:4  | Reached XP level 18. HP: 132/176 MP: 22/22
 27335 | Snake:4  | XOM: enchant monster (bad)
 27410 | Snake:4  | XOM: swap monsters
 27441 | Snake:4  | XOM: silly message
 27678 | Snake:4  | XOM: mild Summ miscast
 27734 | Snake:4  | XOM: medium Pois miscast
 27739 | Snake:4  | XOM: noise
 27760 | Snake:4  | XOM: potion effect (haste)
 27815 | Snake:4  | XOM: enchant monster (bad)
 27819 | Snake:4  | XOM: summons friendly white imp
 27910 | Snake:4  | Got a serpentine rune of Zot
 28244 | Lair:6   | XOM: give mutations
 28244 | Lair:6   | Lost mutation: You have a pair of large horns on your head. [Xom's mischief]
 28244 | Lair:6   | Gained mutation: Your body sometimes deteriorates upon taking damage. [Xom's mischief]
 28244 | Lair:6   | Gained mutation: You are dopey. (Int -2) [Xom's mischief]
 28405 | D:10     | XOM: colour smoke trail
 28520 | D:13     | Lost mutation: You can translocate small distances at will. [potion of cure mutation]
 28520 | D:13     | Lost mutation: You are dopey. (Int -2) [potion of cure mutation]
 28520 | D:13     | Lost mutation: Scrolls take you a little longer to read. [potion of cure mutation]
 28520 | D:13     | Lost mutation: Your body sometimes deteriorates upon taking damage. [potion of cure mutation]
 28565 | D:13     | XOM: 2-stop teleportation journey
 29061 | D:14     | XOM: cast spell 'Hydra Form'
 29064 | D:14     | Reached skill level 20 in Fighting
 29105 | D:14     | XOM: summons friendly shadow imp
 29122 | D:14     | Found a gate to the Vaults.
 29126 | D:14     | XOM: swap monsters
 29557 | D:14     | XOM: god gift: club {god gift}
 29702 | D:14     | Learned a level 2 spell: Sublimation of Blood
 29917 | D:14     | XOM: god gift: 6 royal jellies
 29996 | D:14     | XOM: polymorph purple ugly thing -> slime creature
 29998 | D:14     | XOM: potion effect (berserk rage)
 30141 | D:14     | XOM: cast spell 'Dragon Form'
 30153 | D:15     | Entered Level 15 of the Dungeon
 30437 | D:15     | Found a staircase to the Depths.
 30474 | D:15     | XOM: cast spell 'Metabolic Englaciation'
 30691 | D:15     | XOM: confuse monster(s)
 30773 | D:15     | XOM: potion effect (invisibility)
 31029 | D:12     | Bought a faintly glowing hat for 225 gold pieces
 31034 | D:12     | Identified the +2 hat of Wais {rPois Regen+ Int+2 Dex-5} (You bought it in a shop on level 12 of the Dungeon)
 31061 | D:12     | Bought a scroll of identify for 22 gold pieces
 31061 | D:12     | Bought a scroll of identify for 22 gold pieces
 31063 | D:12     | Bought a scroll of identify for 22 gold pieces
 31064 | D:12     | Bought a scroll of blinking for 82 gold pieces
 31093 | D:12     | Bought a scroll of identify for 24 gold pieces
 31093 | D:12     | Bought a scroll of magic mapping for 42 gold pieces
 31111 | D:12     | Bought a scroll of magic mapping for 105 gold pieces
 31309 | Swamp:1  | Entered Level 1 of the Swamp
 31310 | Swamp:1  | XOM: divination: detect creatures
 31316 | Swamp:1  | Got a crude trident
 31321 | Swamp:1  | Identified the +10 trident "Kuakhlott" {freeze, -Tele rElec rN+ Str+5} (You found it on level 1 of the Swamp)
 31355 | Swamp:1  | XOM: divination: magic mapping
 31360 | Swamp:1  | Reached skill level 1 in Polearms
 31743 | Swamp:1  | Learned a level 3 spell: Regeneration
 31890 | Swamp:1  | XOM: harmless Summ miscast
 32180 | Swamp:2  | XOM: noise
 32343 | Swamp:2  | XOM: confuse monster(s)
 32350 | Swamp:2  | XOM: enchant monster (good)
 32372 | Swamp:2  | Reached XP level 19. HP: 163/188 MP: 24/24
 32558 | Swamp:2  | Reached skill level 5 in Polearms
 32571 | Swamp:2  | XOM: summons friendly white imp
 32579 | Swamp:2  | XOM: smoke on damage
 32725 | Swamp:2  | XOM: divination: detect creatures
 33142 | Swamp:3  | XOM: confuse monster(s)
 33217 | Swamp:3  | XOM: give mutations
 33217 | Swamp:3  | Gained mutation: You can breathe flames. [Xom's grace]
 33217 | Swamp:3  | Gained mutation: You are agile. (Dex +2) [Xom's grace]
 33295 | Swamp:3  | Gained mutation: You are very agile. (Dex +4) [potion of beneficial mutation]
 33543 | Swamp:3  | XOM: potion effect (invisibility)
 33590 | Swamp:3  | XOM: mild Erth miscast
 33611 | Swamp:4  | Entered Level 4 of the Swamp
 33623 | Swamp:4  | Reached skill level 21 in Fighting
 33673 | Swamp:4  | XOM: noise
 33880 | Swamp:4  | XOM: harmless Summ miscast
 33930 | Swamp:4  | XOM: noise
 33955 | Swamp:4  | XOM: harmless Conj miscast
 33980 | Swamp:4  | XOM: confuse monster(s)
 34059 | Swamp:4  | XOM: colour smoke trail
 34239 | Swamp:4  | Noticed the 27-headed Lernaean hydra
 34253 | Swamp:4  | Killed the 27-headed Lernaean hydra
 34253 | Swamp:4  | Reached skill level 10 in Polearms
 34271 | Swamp:4  | XOM: potion effect (curing)
 34303 | Swamp:4  | XOM: divination: magic mapping
 34360 | Swamp:4  | XOM: colour smoke trail
 34377 | Swamp:4  | Got a decaying rune of Zot
 34440 | Swamp:4  | XOM: harmless Ice miscast
 34720 | Swamp:3  | XOM: god gift: arbalest {god gift}
 34782 | Swamp:2  | XOM: medium Tloc miscast
 35185 | Vaults:1 | Entered Level 1 of the Vaults
 35284 | Vaults:1 | XOM: confusion (+ monsters)
 35292 | Vaults:1 | XOM: enchant monster (bad)
 35417 | Vaults:1 | Found Gul Vuk's Magic Scroll Boutique.
 35431 | Vaults:1 | Bought a scroll of identify for 36 gold pieces
 35431 | Vaults:1 | Bought a scroll of teleportation for 54 gold pieces
 35431 | Vaults:1 | Bought a scroll of torment for 135 gold pieces
 35431 | Vaults:1 | Bought a scroll of magic mapping for 63 gold pieces
 35465 | Vaults:1 | XOM: mild Erth miscast
 35474 | Vaults:1 | XOM: medium Tloc miscast
 35594 | Vaults:1 | XOM: mild Chrm miscast
 35620 | Vaults:1 | XOM: blink monster(s)
 35750 | Vaults:1 | XOM: enchant monster (bad)
 35858 | Vaults:1 | XOM: chaos upgrade
 35860 | Vaults:1 | XOM: blink monster(s)
 35880 | Vaults:1 | XOM: enchant monster (bad)
 35884 | Vaults:1 | XOM: mild Trmt miscast
 35885 | Vaults:1 | XOM: potion effect (agility)
 35995 | Vaults:1 | XOM: chaos upgrade
 36015 | Vaults:1 | XOM: stat loss: -1 Str (17/18)
 36038 | Vaults:1 | XOM: polymorph yaktaur -> moth of wrath
 36042 | Vaults:1 | Reached skill level 10 in Maces & Flails
 36189 | Vaults:1 | XOM: harmless Pois miscast
 36197 | Vaults:1 | XOM: harmless Hex miscast
 36631 | Vaults:2 | XOM: 9-stop teleportation journey
 36722 | Vaults:2 | XOM: 1-stop teleportation journey
 36732 | Vaults:2 | XOM: fake destruction
 36736 | Vaults:2 | XOM: potion effect (agility)
 36757 | Vaults:2 | XOM: 1-stop teleportation journey
 36767 | Vaults:2 | XOM: summons 5 friendly demons
 36768 | Vaults:2 | Reached XP level 20. HP: 173/199 MP: 25/25
 36819 | Vaults:2 | XOM: god gift: bread ration
 36841 | Vaults:2 | XOM: destruction
 36918 | Vaults:2 | XOM: god gift: beef jerky
 37105 | Vaults:2 | XOM: 2-stop teleportation journey
 37111 | Vaults:2 | XOM: 3-stop teleportation journey
 37339 | Vaults:2 | XOM: summons friendly white imp
 37340 | Vaults:2 | XOM: divination: magic mapping
 37388 | Vaults:2 | XOM: destruction
 37399 | Vaults:2 | XOM: god gift: meat ration
 37404 | Vaults:2 | XOM: confuse monster(s)
 37590 | Vaults:2 | XOM: give mutations
 37590 | Vaults:2 | Gained mutation: You are resistant to hostile enchantments. [Xom's grace]
 37590 | Vaults:2 | Gained mutation: You are robust (+10% HP). [Xom's grace]
 37590 | Vaults:2 | Gained mutation: You are somewhat resistant to further mutation. [Xom's grace]
 37650 | Vaults:2 | XOM: swap monsters
 37710 | Vaults:2 | XOM: smoke on damage
 37739 | Vaults:2 | XOM: silly message
 37772 | Vaults:2 | XOM: polymorph ogre mage -> elephant
 37789 | Vaults:2 | Reached skill level 22 in Fighting
 38044 | Vaults:2 | XOM: harmless Fire miscast
 38085 | Vaults:2 | XOM: medium Summ miscast
 38242 | Vaults:3 | XOM: summons 12 friendly demons
 38366 | Vaults:3 | XOM: summons friendly quasit
 38376 | Vaults:3 | XOM: divine lightning
 38386 | Vaults:3 | XOM: summons 3 friendly demons
 38422 | Vaults:3 | XOM: confuse monster(s)
 38756 | Vaults:3 | Noticed Asterion
 38766 | Vaults:3 | Noticed Asterion
 38766 | Vaults:3 | Asterion changed into Asterion the emperor scorpion
 38766 | Vaults:3 | XOM: polymorph Asterion -> Asterion the emperor scorpion
 38787 | Vaults:3 | Killed Asterion the emperor scorpion
 38957 | Vaults:3 | XOM: scenery: 1 doors close
 39027 | Vaults:3 | XOM: enchant monster (good)
 39203 | Vaults:3 | XOM: 1-stop teleportation journey
 39275 | Vaults:3 | XOM: confuse monster(s)
 39282 | Vaults:3 | XOM: fake destruction
 39283 | Vaults:3 | XOM: summons 1 friendly demon
 39303 | Vaults:3 | XOM: harmless Fire miscast
 39315 | Vaults:3 | XOM: silly message
 39316 | Vaults:3 | XOM: potion effect (experience)
 39316 | Vaults:3 | Reached XP level 21. HP: 227/227 MP: 26/26
 39341 | Vaults:3 | XOM: divination: detect creatures
 39356 | Vaults:3 | XOM: 1-stop teleportation journey
 39386 | Vaults:3 | XOM: give mutations
 39386 | Vaults:3 | Lost mutation: You are very weak. (Str -4) [Xom's grace]
 39386 | Vaults:3 | Gained mutation: You have a pair of large horns on your head. [Xom's grace]
 39392 | Vaults:3 | XOM: destruction
 39396 | Vaults:3 | XOM: cast spell 'Cause Fear'
 39515 | Vaults:3 | Noticed Xtahua
 39530 | Vaults:3 | Killed Xtahua
 39780 | Vaults:3 | Found a staircase to the Crypt.
 39936 | Vaults:3 | XOM: give mutations
 39936 | Vaults:3 | Gained mutation: Your mind is acute. (Int +2) [Xom's grace]
 39936 | Vaults:3 | Lost mutation: You can breathe flames. [Xom's grace]
 39936 | Vaults:3 | Gained mutation: You can spit weak poison. [Xom's grace]
 39936 | Vaults:3 | Gained mutation: You are covered in fur (AC +1). [Xom's grace]
 39936 | Vaults:3 | Gained mutation: You are covered in thick fur (AC +2). [Xom's grace]
 40019 | Vaults:4 | XOM: summons 13 friendly demons
 40030 | Vaults:4 | Noticed Aizul
 40044 | Vaults:4 | XOM: enchant monster (good)
 40050 | Vaults:4 | Killed Aizul
 40083 | Vaults:4 | XOM: polymorph orc priest -> porcupine
 40089 | Vaults:4 | Reached XP level 22. HP: 220/236 MP: 27/27
 40102 | Vaults:4 | XOM: confuse monster(s)
 40137 | Vaults:4 | Found a magical portal.
 40146 | WizLab   | Entered Cigotuvi's Fleshworks
 40177 | WizLab   | XOM: enchant monster (bad)
 40370 | WizLab   | XOM: divination: magic mapping
 40382 | WizLab   | Identified Sif Muna's Guide on Virous Shape Shifting (You found it in a wizard's laboratory)
 40389 | WizLab   | Learned a level 2 spell: Stoneskin
 40391 | WizLab   | Identified Cigotuvi's Tome of Transformation and Black Rites
 40406 | WizLab   | XOM: divination: detect creatures
 40453 | WizLab   | XOM: harmless Necr miscast
 40575 | WizLab   | Reached skill level 23 in Fighting
 40621 | WizLab   | Paralysed by a giant eyeball for 4 turns
 40632 | WizLab   | Paralysed by a giant eyeball for 4 turns
 40640 | WizLab   | Paralysed by a giant eyeball for 4 turns
 40666 | WizLab   | Paralysed by a giant eyeball for 4 turns
 40680 | WizLab   | Paralysed by a giant eyeball for 4 turns
 40713 | WizLab   | XOM: harmless Hex miscast
 40774 | WizLab   | XOM: summons 9 friendly demons
 40782 | WizLab   | XOM: confuse monster(s)
 40796 | WizLab   | Reached skill level 15 in Maces & Flails
 40885 | WizLab   | XOM is BORED!
 40885 | WizLab   | XOM: give mutations
 40885 | WizLab   | Lost mutation: You are somewhat resistant to further mutation. [Xom's mischief]
 40885 | WizLab   | Lost mutation: You are very agile. (Dex +4) [Xom's mischief]
 40885 | WizLab   | Lost mutation: You have large cloven feet. [Xom's mischief]
 40885 | WizLab   | Lost mutation: You are partially covered in slimy green scales (AC +2). [Xom's mischief]
 40953 | WizLab   | XOM: silly message
 41006 | WizLab   | Gained mutation: You have sharp toenails. [potion of beneficial mutation]
 41007 | WizLab   | Lost mutation: You are weak. (Str -2) [potion of beneficial mutation]
 41008 | WizLab   | Gained mutation: Your spells are a little harder to cast, but a little more powerful. [potion of beneficial mutation]
 41399 | Vaults:4 | XOM: mild Divn miscast
 41414 | Vaults:4 | Noticed Mara
 41921 | Vaults:4 | XOM: blink monster(s)
 41941 | Vaults:4 | XOM: enchant monster (good)
 41991 | Vaults:4 | Noticed Beholder179's illusion
 41994 | Vaults:4 | XOM: summons friendly quasit
 42012 | Vaults:4 | XOM: mild Necr miscast
 42015 | Vaults:4 | XOM: blink monster(s)
 42018 | Vaults:4 | XOM: summons friendly white imp
 42030 | Vaults:4 | Killed Mara
 42085 | Vaults:4 | XOM: summons friendly shadow imp
 42232 | Vaults:4 | XOM: potion effect (curing)
 42347 | Vaults:4 | XOM: divination: detect creatures
 42515 | Vaults:4 | XOM: enchant monster (good)
 42522 | Vaults:4 | XOM: divination: detect creatures
 42655 | Vaults:1 | XOM: silly message
 42773 | Orc:1    | XOM: harmless Air miscast
 42935 | Orc:4    | Bought a scroll of enchant armour for 120 gold pieces
 42962 | Orc:4    | Bought an uncursed amulet of rage for 560 gold pieces
 42963 | Orc:4    | Drew Focus: Str increased to 24, Int decreased to 8
 43099 | Elf:1    | Entered Level 1 of the Elven Halls
 43111 | Elf:1    | XOM: divination: magic mapping
 43311 | Elf:1    | XOM: silly message
 43542 | Elf:1    | Got an ichor-stained blowgun
 43543 | Elf:1    | Identified the +9 blowgun of the Fray {evade, rC+} (You found it on level 1 of the Elven Halls)
 43559 | Elf:1    | XOM: give mutation
 43559 | Elf:1    | Gained mutation: You are partially covered in large bone plates (AC +2, SH +2). [Xom's grace]
 43667 | Elf:1    | XOM: polymorph warg -> giant frog
 43707 | Elf:1    | Identified Yvifeso's Volume of the Traveller (You found it on level 1 of the Elven Halls)
 43768 | Elf:1    | XOM: harmless Necr miscast
 43852 | Elf:1    | XOM: divination: detect creatures
 43854 | Elf:1    | XOM: cast spell 'Shadow Creatures'
 44561 | Elf:2    | Found a huge runed gate.
 44573 | Elf:2    | Found a huge runed gate.
 44576 | Elf:2    | Found a huge runed gate.
 44578 | Elf:2    | Found a huge runed gate.
 44578 | Elf:2    | Found a huge runed gate.
 44822 | Elf:2    | XOM: harmless Divn miscast
 44881 | Elf:2    | XOM: god gift: greatsling {god gift}
 45255 | Elf:3    | Entered Level 3 of the Elven Halls
 45474 | Elf:3    | XOM: god gift: greatsling {god gift}
 45693 | Elf:3    | XOM is BORED!
 45693 | Elf:3    | XOM: draining
 45744 | Elf:3    | XOM: colour smoke trail
 45843 | Elf:3    | XOM: polymorph deep elf demonologist -> five-headed hydra
 45882 | Elf:3    | Reached skill level 24 in Fighting
 45931 | Elf:3    | Reached XP level 23. HP: 225/251 MP: 29/29
 46043 | Elf:3    | XOM: summons 4 hostile shadow creatures
 46105 | Elf:3    | XOM: confuse monster(s)
 46120 | Elf:3    | XOM: chaos upgrade
 46124 | Elf:3    | XOM: harmless Fire miscast
 46157 | Elf:3    | XOM: confusion
 46177 | Elf:3    | XOM: medium Tloc miscast
 46195 | Elf:3    | XOM: summons 2 hostile demons
 46445 | Elf:3    | XOM: severe Erth miscast
 46488 | Elf:3    | XOM: noise
 46520 | Elf:3    | XOM: chaos cloud
 46581 | Elf:3    | Got a pair of shimmering gloves
 46592 | Elf:3    | Identified the cursed +0 pair of gloves of the Monkey's Uncle {Slay+2} (You found it on level 3 of the Elven Halls)
 46606 | Elf:3    | Identified the Guide on Destructive Stolen Souls
 46626 | Elf:3    | Identified the Grimoire of Evil Secrets
 46696 | Elf:3    | Got a transparent cloak
 46707 | Elf:3    | Identified the +2 cloak "Happa" {*Contam rF++ MP-9 Int+2} (You found it on level 3 of the Elven Halls)
 46709 | Elf:3    | XOM: god gift: 3670 gold pieces
 46720 | Elf:3    | Gained mutation: You occasionally shout uncontrollably at your foes. [mutagenic glow]
 46737 | Elf:3    | Learned a level 1 spell: Summon Butterflies
 46776 | Elf:3    | Lost mutation: Your mind is acute. (Int +2) [mutagenic glow]
 46805 | Elf:3    | XOM: god gift: 940 gold pieces
 46831 | Elf:3    | XOM: god gift: 17 gold pieces
 47013 | Orc:4    | Bought a scroll of recharging for 152 gold pieces
 47032 | Orc:4    | Bought an uncursed amulet of resist corrosion for 280 gold pieces
 47069 | Orc:2    | Bought 3 scrolls of enchant weapon for 360 gold pieces
 47069 | Orc:2    | Bought a scroll of teleportation for 48 gold pieces
 47069 | Orc:2    | Bought a scroll of teleportation for 48 gold pieces
 47069 | Orc:2    | Bought a scroll of vulnerability for 120 gold pieces
 47197 | D:12     | Bought a scroll of remove curse for 33 gold pieces
 47197 | D:12     | Bought a scroll of recharging for 104 gold pieces
 47197 | D:12     | Bought a scroll of recharging for 104 gold pieces
 47260 | D:12     | Bought a scroll of fear for 42 gold pieces
 47260 | D:12     | Bought a beef jerky for 18 gold pieces
 47260 | D:12     | Bought a scroll of remove curse for 36 gold pieces
 47260 | D:12     | Bought 2 scrolls of remove curse for 72 gold pieces
 47357 | Depths:1 | Entered Level 1 of the Depths
 47360 | Depths:1 | XOM: enchant monster (good)
 47405 | Depths:1 | XOM: fog
 47408 | Depths:1 | XOM: divine lightning
 47432 | Depths:1 | XOM: 2-stop teleportation journey
 47679 | Depths:1 | XOM: enchant monster (good)
 47682 | Depths:1 | XOM: god gift: hardcover book {god gift}
 47761 | Depths:1 | Found a gateway to a ziggurat.
 47987 | Depths:1 | XOM: potion effect (agility)
 48041 | Depths:1 | XOM: scenery: 3 doors close
 48081 | Depths:1 | Found a gateway to Hell.
 48219 | Depths:1 | XOM: harmless Tloc miscast
 48402 | Depths:1 | XOM is BORED!
 48402 | Depths:1 | XOM: noise
 48418 | Depths:1 | Found a one-way gate leading to the halls of Pandemonium.
 48612 | Depths:2 | XOM: potion effect (haste)
 48636 | Depths:2 | Found Etamomn's One-of-a-Kind Books.
 48667 | Depths:2 | Bought Sorcery Continued for 708 gold pieces
 48674 | Depths:2 | Learned a level 2 spell: Blink
 48864 | Depths:2 | XOM: divination: detect creatures
 48992 | Depths:2 | XOM: silly message
 49000 | Depths:2 | Found a one-way gate to the infinite horrors of the Abyss.
 49050 | Depths:2 | XOM: harmless Hex miscast
 49053 | Depths:2 | XOM: potion effect (brilliance)
 49055 | Depths:2 | Noticed Nikola
 49137 | Depths:2 | XOM: silly message
 49144 | Depths:2 | Killed Nikola
 49151 | Depths:2 | Reached skill level 25 in Fighting
 49188 | Depths:2 | XOM: mild Chrm miscast
 49189 | Depths:2 | XOM: noise
 49194 | Depths:2 | XOM: cast spell 'Dispersal'
 49218 | Depths:2 | XOM: harmless Erth miscast
 49222 | Depths:2 | XOM: severe Ice miscast
 49257 | Depths:2 | Got an uncursed translucent long sword {slice}
 49258 | Depths:2 | Identified the +5 long sword "Killer Bee's Foe" {slice, *Drain rN++ Str+4 Int+4} (You took it off a centaur warrior on level 2 of the Depths)
 49284 | Depths:2 | XOM: fake destruction
 49328 | Depths:1 | XOM: divination: detect creatures
 49363 | Depths:1 | XOM: give mutations
 49363 | Depths:1 | Lost mutation: You are robust (+10% HP). [Xom's mischief]
 49363 | Depths:1 | Lost mutation: You can spit weak poison. [Xom's mischief]
 49507 | Depths:1 | XOM: colour smoke trail
 49550 | Depths:1 | XOM: harmless Pois miscast
 49710 | Depths:2 | Got a smoking hand crossbow
 49711 | Depths:2 | Identified the cursed +1 hand crossbow "Fetun" {velocity, MP+9} (You found it on level 2 of the Depths)
 49820 | Depths:2 | Got a crystal flail {crush}
 49821 | Depths:2 | Identified the +2 flail of Irrepressible Laughter {crush, rElec} (You took it off a spriggan berserker on level 2 of the Depths)
 49966 | Depths:3 | XOM: noise
 49988 | Depths:3 | XOM: noise
 50019 | Depths:3 | XOM: summons 7 friendly demons
 50026 | Depths:3 | XOM: confuse monster(s)
 50033 | Depths:3 | XOM: potion effect (might)
 50034 | Depths:3 | XOM: enchant monster (good)
 50056 | Depths:3 | XOM: potion effect (might)
 50059 | Depths:3 | XOM: god gift: pair of gloves {god gift}
 50082 | Depths:3 | XOM: potion effect (berserk rage)
 50087 | Depths:3 | XOM: destruction
 50128 | Depths:3 | Reached XP level 24. HP: 201/243 MP: 29/29
 50140 | Depths:3 | XOM: god gift: glowing shield {god gift}
 50227 | Depths:3 | XOM: mild Pois miscast
 50296 | Depths:3 | Gained mutation: Your spells are harder to cast, but more powerful. [potion of beneficial mutation]
 50533 | Depths:3 | XOM: summons friendly white imp
 50568 | Depths:3 | XOM: confuse monster(s)
 50617 | Depths:3 | XOM: divination: magic mapping
 50695 | Depths:3 | Noticed a juggernaut
 50702 | Depths:3 | XOM: noise
 50718 | Depths:3 | XOM: enchant monster (good)
 50724 | Depths:3 | Killed a juggernaut
 50728 | Depths:3 | XOM: summons friendly ufetubus
 51033 | Depths:3 | XOM: enchant monster (bad)
 51053 | Depths:3 | XOM: enchant monster (bad)
 51104 | Depths:3 | XOM: noise
 51112 | Depths:3 | Got a faintly glowing brass ring
 51114 | Depths:3 | Identified the ring "Amappon" {+Fly Str+3} (You took it off a hell knight on level 3 of the Depths)
 51196 | Depths:3 | XOM: mild Pois miscast
 51246 | Depths:3 | Found a runed door.
 51250 | Depths:3 | XOM: confuse monster(s)
 51269 | Depths:3 | XOM: fog
 51358 | Depths:3 | Got an ichor-stained great mace
 51364 | Depths:3 | Identified the +1 great mace "Fulate Kio" {flame, *Confuse Dex+7} (You found it on level 3 of the Depths)
 51368 | Depths:3 | Got a brightly glowing battleaxe
 51369 | Depths:3 | Identified the +5 battleaxe of Volein {flame, MR+} (You found it on level 3 of the Depths)
 51490 | Depths:3 | Got a twisted chain mail
 51501 | Depths:3 | Identified the +5 chain mail of the Ancient Hells {+Fly rF+ Int+4 Slay-5} (You found it on level 3 of the Depths)
 51621 | Depths:3 | XOM: summons friendly white imp
 51677 | Depths:3 | XOM: confuse monster(s)
 51812 | Depths:3 | XOM: enchant monster (good)
 51819 | Depths:3 | XOM: confuse monster(s)
 51943 | Depths:3 | XOM: polymorph deep troll earth mage -> griffon
 51983 | Depths:3 | XOM: summons friendly iron imp
 51990 | Depths:3 | XOM: blink monster(s)
 52530 | Depths:4 | Upgraded the game from 0.17.0-28-g6e173f8 to 0.17.0-57-g0e89251
 52611 | Depths:4 | XOM: medium Conj miscast
 52771 | Depths:4 | XOM: polymorph stone giant -> azure jelly
 52863 | Depths:4 | XOM: confuse monster(s)
 52871 | Depths:4 | XOM: 3-stop teleportation journey
 52899 | Depths:4 | Reached skill level 26 in Fighting
 53033 | Depths:4 | XOM: polymorph stone giant -> dire elephant
 53539 | Depths:5 | Entered Level 5 of the Depths
 53673 | Depths:5 | XOM: potion effect (invisibility)
 53680 | Depths:5 | XOM: blink monster(s)
 53729 | Depths:5 | XOM: noise
 53743 | Depths:5 | Found a flickering gateway to a bazaar.
 53765 | Bazaar   | Entered a bazaar
 53765 | Bazaar   | Found Vexod's Food Emporium.
 53765 | Bazaar   | Found Nenifea's Assorted Antiques.
 53765 | Bazaar   | Found Dennineb's Magic Scroll Shoppe.
 53765 | Bazaar   | Found Jotraywa's Food Shop.
 53767 | Bazaar   | Found Figiha's Gadget Boutique.
 53809 | Bazaar   | Bought a pair of glowing boots for 108 gold pieces
 53819 | Bazaar   | Identified a +2 pair of boots of running (You bought it in a shop in a bazaar)
 53836 | Bazaar   | Bought a scroll of enchant armour for 180 gold pieces
 53836 | Bazaar   | Bought a potion of curing for 72 gold pieces
 53836 | Bazaar   | Bought a potion of curing for 72 gold pieces
 53836 | Bazaar   | Bought 2 potions of curing for 144 gold pieces
 53836 | Bazaar   | Bought a scroll of blinking for 180 gold pieces
 53843 | Bazaar   | Bought an ornate deck of defence for 240 gold pieces
 53852 | Bazaar   | Bought a scroll of identify for 18 gold pieces
 53852 | Bazaar   | Bought a scroll of enchant weapon for 67 gold pieces
 53852 | Bazaar   | Bought a scroll of fear for 31 gold pieces
 53852 | Bazaar   | Bought a scroll of fog for 18 gold pieces
 53852 | Bazaar   | Bought a scroll of vulnerability for 67 gold pieces
 53852 | Bazaar   | Bought a scroll of vulnerability for 67 gold pieces
 53852 | Bazaar   | Bought a scroll of recharging for 85 gold pieces
 53983 | Depths:5 | XOM: enchant monster (bad)
 54142 | Depths:5 | XOM: harmless Tloc miscast
 54154 | Depths:5 | XOM: 1-stop teleportation journey
 54186 | Depths:5 | Reached XP level 25. HP: 253/253 MP: 29/29
 54217 | Depths:5 | XOM: mild Necr miscast
 54219 | Depths:5 | XOM: fog
 54223 | Depths:5 | XOM: medium Fire miscast
 54233 | Depths:5 | XOM: noise
 54510 | Depths:5 | XOM: harmless Summ miscast
 54515 | Depths:5 | XOM: polymorph yellow draconian scorcher -> iron troll
 54569 | Depths:5 | Found a gate to the Realm of Zot.
 54657 | Depths:5 | XOM: scenery: 1 doors close
 54673 | Depths:5 | XOM: harmless Erth miscast
 54704 | Depths:5 | XOM: summons 3 friendly demons
 54766 | Depths:5 | XOM: summons 4 friendly demons
 54870 | Depths:5 | XOM: potion effect (berserk rage)
 54975 | Depths:5 | XOM: cast spell 'Metabolic Englaciation'
 55131 | Depths:5 | XOM: enchant monster (bad)
 55156 | Depths:5 | XOM: silly message
 55554 | D:14     | XOM: divination: detect creatures
 55664 | Vaults:2 | XOM: scenery: 5 doors close
 55778 | Vaults:5 | XOM: noise
 55778 | Vaults:5 | Entered Level 5 of the Vaults
 55782 | Vaults:5 | XOM: harmless Pois miscast
 55828 | Vaults:4 | XOM: summons 5 friendly demons
 55829 | Vaults:4 | XOM: enchant monster (good)
 55866 | Vaults:4 | XOM: enchant monster (good)
 55879 | Vaults:4 | XOM: mild Conj miscast
 55906 | Vaults:5 | XOM: enchant monster (good)
 55913 | Vaults:5 | XOM: cast spell 'Hydra Form'
 55917 | Vaults:5 | XOM: confuse monster(s)
 55939 | Vaults:5 | XOM: summons friendly white imp
 55949 | Vaults:5 | XOM: enchant monster (good)
 55968 | Vaults:5 | XOM: potion effect (curing)
 55973 | Vaults:5 | XOM: silly message
 55976 | Vaults:5 | XOM: divination: detect creatures
 55989 | Vaults:5 | XOM: noise
 56010 | Vaults:5 | XOM: confuse monster(s)
 56012 | Vaults:5 | XOM: swap monsters
 56016 | Vaults:5 | XOM: chaos upgrade
 56017 | Vaults:5 | XOM: give mutations
 56017 | Vaults:5 | Lost mutation: You are covered in thick fur (AC +2). [Xom's mischief]
 56017 | Vaults:5 | Lost mutation: You have a pair of large horns on your head. [Xom's mischief]
 56017 | Vaults:5 | Gained mutation: You are weak. (Str -2) [Xom's mischief]
 56017 | Vaults:5 | Lost mutation: Your natural rate of healing is unusually fast. [Xom's mischief]
 56018 | Vaults:5 | XOM: medium Ice miscast
 56059 | Vaults:5 | XOM: enchant monster (bad)
 56086 | Vaults:5 | XOM: medium Divn miscast
 56160 | Vaults:5 | XOM: medium Trmt miscast
 56165 | Vaults:5 | XOM: severe Conj miscast
 56174 | Vaults:5 | XOM: give mutations
 56174 | Vaults:5 | Lost mutation: You are weak. (Str -2) [Xom's mischief]
 56174 | Vaults:5 | Lost mutation: Your flesh is heat resistant. [Xom's mischief]
 56188 | Vaults:5 | Reached skill level 15 in Polearms
 56242 | Vaults:5 | XOM: enchant monster (bad)
 56250 | Vaults:5 | XOM: blink monster(s)
 56272 | Vaults:5 | XOM: enchant monster (bad)
 56273 | Vaults:5 | XOM: harmless Trmt miscast
 56275 | Vaults:5 | XOM: chaos upgrade
 56277 | Vaults:5 | XOM: summons friendly shadow imp
 56288 | Vaults:5 | XOM: swap monsters
 56300 | Vaults:5 | Reached skill level 27 in Fighting
 56304 | Vaults:5 | XOM: noise
 56320 | Vaults:5 | XOM: enchant monster (bad)
 56339 | Vaults:5 | XOM: chaos cloud
 56377 | Vaults:5 | XOM: god gift: 950 gold pieces
 56380 | Vaults:5 | XOM: confuse monster(s)
 56393 | Vaults:5 | XOM: swap monsters
 56410 | Vaults:5 | XOM: summons 8 friendly demons
 56418 | Vaults:5 | XOM: give mutations
 56418 | Vaults:5 | Gained mutation: Your mind is acute. (Int +2) [Xom's grace]
 56418 | Vaults:5 | Gained mutation: Your muscles are strong. (Str +2) [Xom's grace]
 56469 | Vaults:5 | XOM: summons 9 friendly demons
 56550 | Vaults:5 | XOM: polymorph ironbrand convoker -> komodo dragon
 56594 | Vaults:5 | Got an ancient steel ring
 56596 | Vaults:5 | Identified the ring of Xom's Displeasure {+Inv AC+4 Int+3} (You found it on level 5 of the Vaults)
 56634 | Vaults:5 | Got a slimy mace {crush}
 56635 | Vaults:5 | Identified the +5 mace "Pendulum" {crush, rC+} (You found it on level 5 of the Vaults)
 56869 | Vaults:5 | Reached XP level 26. HP: 225/266 MP: 29/29
 56959 | Vaults:5 | Identified the Handbook of Toxic Orientation (You found it on level 5 of the Vaults)
 57138 | Vaults:5 | Identified Ymitang's Handbook of Bewitchment
 57193 | Vaults:5 | XOM: god gift: meat ration
 57268 | Vaults:5 | XOM: noise
 57356 | Vaults:5 | XOM: blink monster(s)
 57513 | Vaults:5 | XOM: potion effect (berserk rage)
 57564 | Vaults:5 | XOM: silly message
 57608 | Vaults:5 | XOM: enchant monster (bad)
 57790 | Vaults:5 | XOM: summons 5 hostile shadow creatures
 57822 | Vaults:5 | Got a silver rune of Zot
 57870 | Vaults:5 | Got an ichor-stained hat
 57876 | Vaults:5 | Identified the -3 hat "Didy" {-Tele Regen+ Dex+10} (You acquired it on level 5 of the Vaults)
 58400 | Slime:1  | Entered Level 1 of the Pits of Slime
 58408 | Slime:1  | XOM: fog
 58415 | Slime:1  | XOM: summons friendly crimson imp
 58419 | Slime:1  | XOM: harmless Pois miscast
 58552 | Slime:1  | XOM: harmless Pois miscast
 58620 | Slime:1  | XOM: mild Trmt miscast
 58770 | Slime:2  | XOM: summons 1 hostile demon
 58872 | Slime:2  | XOM: mild Divn miscast
 58978 | Slime:2  | XOM: harmless Tloc miscast
 59034 | Slime:2  | XOM: enchant monster (bad)
 59071 | Slime:2  | XOM: harmless Divn miscast
 59087 | Slime:2  | XOM: potion effect (invisibility)
 59274 | Slime:3  | XOM: harmless Necr miscast
 59347 | Slime:3  | XOM: silly message
 59377 | Slime:4  | XOM: enchant monster (good)
 59529 | Slime:3  | XOM: summons friendly shadow imp
 59531 | Slime:3  | XOM: noise
 59644 | Slime:3  | XOM: harmless Hex miscast
 59840 | Slime:5  | XOM: polymorph azure jelly -> azure jelly
 59841 | Slime:5  | XOM: harmless Tloc miscast
 59845 | Slime:5  | XOM: confusion (+ monsters)
 59858 | Slime:5  | Gained mutation: You expend magic power (3 MP) to strengthen your wands. [a shining eye]
 59981 | Slime:2  | XOM: blink monster(s)
 60093 | Slime:3  | XOM: mild Summ miscast
 60186 | Slime:5  | XOM: harmless Trmt miscast
 60202 | Slime:5  | XOM: summons 2 friendly demons
 60215 | Slime:4  | XOM: blink monster(s)
 60226 | Slime:4  | XOM: mild Tloc miscast
 60279 | Slime:5  | XOM: cast spell 'Call Canine Familiar'
 60281 | Slime:5  | XOM: god gift: scale mail {god gift}
 60284 | Slime:5  | XOM: summons 5 friendly demons
 60291 | Slime:5  | XOM: noise
 60302 | Slime:5  | XOM: divination: detect items
 60522 | Slime:6  | Entered Level 6 of the Pits of Slime
 60531 | Slime:6  | XOM: noise
 60600 | Slime:6  | XOM: summons 6 friendly demons
 60613 | Slime:6  | XOM: polymorph crimson imp -> iron imp
 60672 | Slime:6  | Noticed the royal jelly
 60676 | Slime:6  | XOM: fake destruction
 60685 | Slime:6  | Killed the royal jelly
 60685 | Slime:6  | Reached skill level 15 in Dodging
 60691 | Slime:6  | XOM: enchant monster (good)
 60701 | Slime:6  | XOM: summons friendly shadow imp
 60702 | Slime:6  | XOM: summons friendly quasit
 60713 | Slime:6  | XOM: potion effect (agility)
 60919 | Slime:6  | Learned a level 3 spell: Teleport Other
 60927 | Slime:6  | Got an ichor-stained demon whip
 60928 | Slime:6  | Identified the +6 demon whip of Uncomfortable Rashes {vamp, rC+ MR- Str+4 Int+11} (You found it on level 6 of the Pits of Slime)
 60964 | Slime:6  | Got a slimy rune of Zot
 60983 | Slime:6  | Got a distressingly furry leather armour
 61034 | Slime:6  | XOM: summons 2 hostile demons
 61067 | Slime:6  | Identified the +1 leather armour "Cusoq" {rF+ rC- SInv} (You found it on level 6 of the Pits of Slime)
 61091 | Slime:6  | Identified a +0 pair of boots of running (You found it on level 6 of the Pits of Slime)
 61209 | Slime:6  | XOM: cast spell 'Summon Horrible Things'
 61449 | Lair:3   | XOM: god gift: 3 needles of confusion
 61595 | D:13     | XOM: god gift: bread ration
 61683 | Depths:2 | Voluntarily entered the Abyss.
 61711 | Abyss:1  | Found a corrupted altar of Lugonu.
 61813 | Abyss:2  | XOM: summons 2 friendly demons
 61824 | Abyss:2  | Reached skill level 10 in Evocations
 61868 | Abyss:2  | XOM: god gift: plain deck of cards {god gift}
 61906 | Abyss:2  | XOM: summons friendly iron imp
 61913 | Abyss:2  | XOM: fog
 61942 | Abyss:2  | Reached XP level 27. HP: 164/273 MP: 29/29
 61975 | Abyss:2  | XOM: harmless Fire miscast
 61978 | Abyss:2  | XOM: medium Ice miscast
 61997 | Abyss:2  | XOM: enchant monster (good)
 61998 | Abyss:2  | XOM: destruction
 62134 | Abyss:2  | XOM: divination: magic mapping
 62135 | Abyss:2  | XOM: summons 8 friendly demons
 62171 | Abyss:2  | Noticed an ancient lich
 62208 | Abyss:2  | XOM: confuse monster(s)
 62276 | Abyss:2  | XOM: confusion (+ monsters)
 62301 | Abyss:3  | Found a corrupted altar of Lugonu.
 62351 | Abyss:3  | Found a corrupted altar of Lugonu.
 62381 | Abyss:3  | XOM: summons 4 friendly demons
 62391 | Abyss:3  | XOM: vitrification
 62510 | Abyss:3  | XOM: cast spell 'Summon Ice Beast'
 62608 | Abyss:3  | Found a corrupted altar of Lugonu.
 62688 | Abyss:3  | XOM: summons 11 friendly demons
 62725 | Abyss:3  | XOM: medium Trmt miscast
 62862 | Abyss:3  | XOM: mild Trmt miscast
 62898 | Abyss:3  | XOM: divination: detect items
 62909 | Abyss:3  | Got a jewelled mace
 62910 | Abyss:3  | Identified the +9 mace of Zyadamav {freeze, rC- MR+ Int+2 Dex+2} (You found it on level 3 of the Abyss)
 63020 | Abyss:3  | Gained mutation: You are frail (-10% HP). [a neqoxec]
 63035 | Abyss:3  | Noticed an ancient lich
 63046 | Abyss:3  | Killed an ancient lich
 63116 | Abyss:3  | Found a snail-covered altar of Cheibriados.
 63146 | Abyss:3  | Found a snail-covered altar of Cheibriados.
 63171 | Abyss:3  | XOM: enchant monster (good)
 63226 | Abyss:3  | XOM: summons friendly iron imp
 63227 | Abyss:3  | XOM: confuse monster(s)
 63263 | Abyss:3  | XOM: divination: detect items
 63331 | Abyss:3  | XOM: vitrification
 63334 | Abyss:3  | XOM: potion effect (brilliance)
 63370 | Abyss:3  | XOM: give mutations
 63370 | Abyss:3  | Gained mutation: Your flesh is heat resistant. [Xom's grace]
 63402 | Abyss:3  | XOM: cast spell 'Metabolic Englaciation'
 63493 | Abyss:3  | Got an abyssal rune of Zot
 63531 | Abyss:3  | Paralysed by accursed screaming for 2 turns
 63549 | Abyss:3  | XOM: divination: detect creatures
 63568 | Abyss:3  | XOM: summons 2 friendly demons
 63627 | Abyss:3  | XOM: divination: magic mapping
 63656 | Abyss:3  | XOM: confusion
 63678 | Depths:2 | Escaped the Abyss
 63830 | Lair:1   | XOM: colour smoke trail
 63983 | Slime:1  | XOM: god gift: scroll of enchant weapon
 64643 | Depths:5 | XOM: enchant monster (good)
 64689 | Depths:5 | Lost mutation: Your spells are harder to cast, but more powerful. [potion of cure mutation]
 64689 | Depths:5 | Lost mutation: You are partially covered in large bone plates (AC +2, SH +2). [potion of cure mutation]
 64689 | Depths:5 | Lost mutation: You are frail (-10% HP). [potion of cure mutation]
 64690 | Depths:5 | Upgraded the game from 0.17.0-57-g0e89251 to 0.17.0-73-gb648821
 64913 | D:12     | XOM: harmless Air miscast
 65844 | D:15     | XOM: medium Pois miscast
 65846 | D:15     | XOM: enchant monster (good)
 65940 | Depths:3 | XOM: noise
 65977 | Depths:4 | XOM: god gift: potion of curing
 66046 | Zot:1    | Entered Level 1 of the Realm of Zot
 66047 | Zot:1    | XOM: polymorph green draconian -> azure jelly
 66049 | Zot:1    | XOM: potion effect (haste)
 66056 | Zot:1    | XOM: cast spell 'Dispersal'
 66080 | Zot:1    | XOM: swap monsters
 66083 | Zot:1    | XOM: cast spell 'Summon Small Mammal'
 66095 | Depths:5 | XOM: confuse monster(s)
 66120 | Depths:5 | XOM: fog
 66125 | Depths:5 | XOM: fake destruction
 66136 | Depths:5 | Reached skill level 1 in Earth Magic
 66154 | Zot:1    | Reached skill level 1 in Transmutations
 66156 | Zot:1    | XOM: summons friendly quasit
 66159 | Zot:1    | XOM: confuse monster(s)
 66164 | Zot:1    | Noticed a juggernaut
 66164 | Zot:1    | a Killer Klown changed into a juggernaut
 66164 | Zot:1    | XOM: polymorph Killer Klown -> juggernaut
 66172 | Zot:1    | XOM: fake destruction
 66186 | Zot:1    | XOM: cast spell 'Stoneskin'
 66188 | Zot:1    | Killed a juggernaut
 66197 | Zot:1    | XOM: confuse monster(s)
 66321 | Zot:1    | Noticed an orb of fire
 66321 | Zot:1    | XOM: summons friendly white imp
 66327 | Zot:1    | XOM: confuse monster(s)
 66334 | Zot:1    | XOM: swap monsters
 66338 | Zot:1    | Killed an orb of fire
 66351 | Zot:1    | XOM: enchant monster (good)
 66354 | Zot:1    | XOM: destruction
 66401 | Zot:1    | XOM: summons 11 hostile demons
 66502 | Zot:1    | XOM: confuse monster(s)
 66603 | Zot:1    | XOM: polymorph moth of wrath -> yaktaur
 66717 | Zot:1    | XOM: divination: detect creatures
 66719 | Zot:1    | XOM: give mutations
 66719 | Zot:1    | Gained mutation: Your muscles are very strong. (Str +4) [Xom's grace]
 66719 | Zot:1    | Gained mutation: You can spit weak poison. [Xom's grace]
 66719 | Zot:1    | Gained mutation: Your system is resistant to poisons. [Xom's grace]
 66719 | Zot:1    | Gained mutation: You are robust (+10% HP). [Xom's grace]
 66792 | Zot:1    | Reached skill level 1 in Throwing
 66958 | Zot:1    | XOM: polymorph deep elf high priest -> eye of devastation
 67040 | Zot:1    | XOM: polymorph sphinx -> dire elephant
 67060 | Zot:1    | XOM: polymorph storm dragon -> ghost moth
 67130 | Zot:2    | XOM: summons friendly crimson imp
 67148 | Zot:2    | XOM: polymorph tentacled monstrosity -> tentacled monstrosity
 67151 | Zot:2    | XOM: summons friendly white imp
 67394 | Zot:2    | XOM: cast spell 'Chain of Chaos'
 67469 | Zot:2    | XOM: destruction
 67472 | Zot:2    | XOM: polymorph mottled draconian -> entropy weaver
 67473 | Zot:2    | XOM: summons friendly shadow imp
 67626 | Zot:2    | XOM: enchant monster (good)
 67767 | Zot:2    | XOM: give mutations
 67767 | Zot:2    | Gained mutation: You are partially covered in icy blue scales (AC +1). [Xom's grace]
 67767 | Zot:2    | Lost mutation: You have a beak for a mouth. [Xom's grace]
 67767 | Zot:2    | Gained mutation: You have very sharp teeth. [Xom's grace]
 67826 | Zot:3    | XOM: noise
 68125 | Zot:3    | XOM: scenery: create altars
 68192 | Zot:3    | XOM: god gift: potion of might
 68406 | Zot:3    | XOM: god gift: runed war axe {god gift}
 68464 | Zot:4    | XOM: divination: magic mapping
 68479 | Zot:4    | XOM: harmless Tloc miscast
 68576 | Zot:4    | XOM: potion effect (experience)
 68621 | Zot:4    | XOM: harmless Fire miscast
 68930 | Zot:4    | XOM: potion effect (invisibility)
 68950 | Zot:4    | XOM: confuse monster(s)
 69137 | Zot:4    | Reached skill level 5 in Transmutations
 69220 | Zot:5    | Entered Level 5 of the Realm of Zot
 69271 | Zot:5    | Reached skill level 5 in Earth Magic
 69351 | Zot:5    | XOM: potion effect (might)
 69354 | Zot:5    | XOM: cast spell 'Metabolic Englaciation'
 69373 | Zot:5    | XOM: summons friendly quasit
 69459 | Zot:5    | XOM: medium Divn miscast
 69543 | Zot:5    | XOM: summons 2 friendly demons
 69555 | Zot:5    | XOM: divination: detect creatures
 69625 | Zot:5    | Reached skill level 5 in Throwing
 69659 | Zot:5    | XOM: destruction
 69796 | Zot:5    | XOM: vitrification
 69816 | Zot:5    | Noticed an ancient lich
 69818 | Zot:5    | Noticed an ancient lich
 69832 | Zot:5    | Killed an ancient lich
 69843 | Zot:5    | Killed an ancient lich
 69855 | Zot:5    | Noticed an ancient lich
 69868 | Zot:5    | Cast into the Abyss (an ancient lich)
 69920 | Abyss:1  | XOM: summons 3 friendly demons
 69932 | Abyss:1  | XOM: summons friendly quasit
 69996 | Zot:5    | Escaped the Abyss
 69998 | Zot:5    | Noticed an orb of fire
 70001 | Zot:5    | XOM: destruction
 70002 | Zot:5    | XOM: summons friendly quasit
 70003 | Zot:5    | XOM: cast spell 'Discord'
 70007 | Zot:5    | XOM: confuse monster(s)
 70014 | Zot:5    | Killed an orb of fire
 70020 | Zot:5    | Noticed an ancient lich
 70020 | Zot:5    | Noticed an orb of fire
 70023 | Zot:5    | Killed an ancient lich
 70026 | Zot:5    | XOM: summons friendly quasit
 70036 | Zot:5    | Killed an ancient lich
 70042 | Zot:5    | Killed an orb of fire
 70051 | Zot:5    | XOM: cast spell 'Dispersal'
 70054 | Zot:5    | XOM: enchant monster (bad)
 70065 | Zot:5    | XOM: summons friendly quasit
 70085 | Zot:5    | XOM: enchant monster (good)
 70099 | Zot:5    | XOM: silly message
 70136 | Zot:5    | Noticed an ancient lich
 70136 | Zot:5    | XOM: confuse monster(s)
 70151 | Zot:5    | Killed an ancient lich
 70167 | Zot:5    | XOM: polymorph Orb Guardian -> catoblepas
 70243 | Zot:5    | XOM: destruction
 70257 | Zot:5    | Noticed an orb of fire
 70257 | Zot:5    | XOM: summons 2 friendly demons
 70284 | Zot:5    | Killed an orb of fire
 70291 | Zot:5    | XOM: cast spell 'Necromutation'
 70333 | Zot:5    | XOM: enchant monster (bad)
 70341 | Zot:5    | XOM: confusion
 70376 | Zot:5    | Noticed an orb of fire
 70384 | Zot:5    | XOM: noise
 70393 | Zot:5    | XOM: smoke on damage
 70399 | Zot:5    | Killed an orb of fire
 70405 | Zot:5    | Noticed an orb of fire
 70408 | Zot:5    | XOM: mild Tloc miscast
 70409 | Zot:5    | XOM: summons 8 friendly demons
 70418 | Zot:5    | XOM: noise
 70424 | Zot:5    | Killed an orb of fire
 70440 | Zot:5    | Noticed an orb of fire
 70454 | Zot:5    | Killed an orb of fire
 70527 | Zot:5    | XOM: colour smoke trail
 70542 | Zot:5    | Got the Orb of Zot
 70726 | Depths:5 | Lost mutation: Your spells are a little harder to cast, but a little more powerful. [mutagenic glow]
 70762 | Depths:4 | XOM: colour smoke trail
 70848 | D:15     | Gained mutation: You tend to lose your temper in combat. [mutagenic glow]
 70926 | D:11     | Lost mutation: You are agile. (Dex +2) [mutagenic glow]
 70938 | D:10     | XOM: harmless Trmt miscast
 71072 | D:3      | Gained mutation: Scrolls take you a little longer to read. [mutagenic glow]
 71121 | D:1      | Gained mutation: Armour fits poorly on your strangely shaped body. [mutagenic glow]
 71128 | D:1      | Noticed Nozeoq the pandemonium lord
 71152 | D:$      | Escaped with the Orb!

Action                   |  1- 3 |  4- 6 |  7- 9 | 10-12 | 13-15 | 16-18 | 19-21 | 22-24 | 25-27 || total
-------------------------+-------+-------+-------+-------+-------+-------+-------+-------+-------++-------
Melee: Hand axe          |    90 |   125 |    33 |       |       |       |       |       |       ||   248
       War axe           |       |       |   185 |   440 |  1144 |   623 |       |       |       ||  2392
       Unarmed           |       |       |     8 |       |       |    40 |       |       |     2 ||    50
       Morningstar       |       |       |       |    21 |    44 |       |       |       |       ||    65
       Great mace        |       |       |       |       |     5 |       |       |       |       ||     5
       Demon whip        |       |       |       |       |       |   508 |  1136 |  1681 |  2612 ||  5937
       Trident           |       |       |       |       |       |   170 |   588 |   840 |   855 ||  2453
Throw: Tomahawk          |       |     5 |    38 |    20 |     7 |    19 |     4 |       |       ||    93
       Throwing net      |       |       |     7 |     3 |     3 |     1 |     2 |       |       ||    16
       Javelin           |       |       |       |       |       |       |       |       |     2 ||     2
 Cast: Blink             |       |       |       |       |       |       |       |    16 |       ||    16
       Stoneskin         |       |       |       |       |       |       |       |     2 |     8 ||    10
       Repel Missiles    |       |       |       |       |       |       |       |     2 |     3 ||     5
       Regeneration      |       |       |       |       |       |       |       |       |     2 ||     2
 Abil: Spit Poison       |       |       |     9 |    26 |    21 |       |       |       |       ||    56
       Blink             |       |       |     7 |     3 |     8 |     4 |       |       |       ||    22
       Breathe Fire      |       |       |     2 |       |       |       |     4 |       |       ||     6
       Evoke Invisibilit |       |       |       |       |       |       |       |     2 |       ||     2
       Evoke Berserk Rag |       |       |       |       |       |       |       |     2 |     1 ||     3
Evoke: Wand              |       |       |       |    12 |    31 |    12 |    24 |    38 |    35 ||   152
       Sack of spiders   |       |       |       |       |       |     2 |     8 |    16 |       ||    26
       Disc of storms    |       |       |       |       |       |       |     2 |       |       ||     2
       Box of beasts     |       |       |       |       |       |       |     1 |     1 |       ||     2
       Deck              |       |       |       |       |       |       |       |     5 |       ||     5
  Use: Potion            |     6 |     1 |     2 |     2 |     5 |    12 |     3 |    11 |    13 ||    55
       Scroll            |     2 |       |    11 |    10 |    16 |    18 |     8 |    29 |    29 ||   123
 Stab: Paralysed         |       |     1 |       |     2 |     3 |       |     1 |     1 |     7 ||    15
       Held in net/web   |       |       |     3 |       |     1 |     2 |     1 |       |       ||     7
       Sleeping          |       |       |     1 |       |       |     1 |       |       |       ||     2
       Fleeing           |       |       |     1 |       |       |       |       |       |       ||     1
       Petrified         |       |       |       |     1 |       |       |       |       |       ||     1
       Distracted        |       |       |       |     1 |     2 |       |     6 |     4 |    21 ||    34
       Confused          |       |       |       |       |     4 |     4 |    23 |    15 |    35 ||    81
       Invisible         |       |       |       |       |       |     1 |     2 |    12 |    19 ||    34
       Petrifying        |       |       |       |       |       |       |       |     1 |     1 ||     2
  Eat: Chunk             |     3 |     3 |     6 |    13 |     1 |       |       |       |       ||    26
       Pizza             |       |       |     2 |     2 |       |     1 |     2 |     1 |       ||     8
       Beef jerky        |       |       |     2 |       |     6 |     3 |     4 |     4 |     3 ||    22
       Royal jelly       |       |       |     2 |       |       |     1 |       |    10 |    13 ||    26
       Meat ration       |       |       |       |     3 |     4 |     3 |     3 |     3 |     8 ||    24
       Fruit             |       |       |       |     1 |     7 |     6 |       |     3 |     5 ||    22
       Bread ration      |       |       |       |       |     1 |     1 |     1 |     2 |     5 ||    10
